Workbook
Name INT: #REF!
Name INT: #REF!
Name JANDATA: '[1]01 JAN DATA'!$1:$1048576

Sheet S1 VEC Master Summary
A1: EXHIBIT: VEC-CCM 1 | C1: This document is being submitted electronically via ePUC.
A2: SCHEDULE 1
A3: REVENUE REQUIREMENTS SUMMARY | C3: Vermont Electric Cooperative, Inc.
C4: Test Year | D4: Pro Forma | E4: ADJ Test Year | F4: REF
A5: LINE | B5: DESCRIPTION | C5: 7/1/23-6/30/24 | D5: Adjustments | E5: 2025 | F5: SCHED
A6: 1 | B6: NET PURCHASED POWER (INCLUDES REC's & SFR) | C6: =+'S12 Chart of Accts Trial Bal.'!C35-'S12 Chart of Accts Trial Bal.'!C13-'S12 Chart of Accts Trial Bal.'!C19 -> 39218203 | D6: =+'S2 Power Supply'!F17 -> -822867.88 | E6: =+C6+D6 -> 38395336 | F6: 2
A7: =A6+1 -> 2 | B7: TRANSMISSION | C7: =+'S12 Chart of Accts Trial Bal.'!C62-'S12 Chart of Accts Trial Bal.'!C58-'S12 Chart of Accts Trial Bal.'!C59-'S12 Chart of Accts Trial Bal.'!C60-'S12 Chart of Accts Trial Bal.'!C61 -> 16360312 | D7: =+'S3 Transmission'!E23 -> 2421166.4 | E7: =C7+D7 -> 18781478 | F7: 3
A8: =A7+1 -> 3 | B8: DISTRIBUTION OPERATION | C8: =+'S12 Chart of Accts Trial Bal.'!C95 -> 7660257.9 | D8: =+'S4 Dist Ops & Mtce'!H56 -> 1488137.4 | E8: =C8+D8 -> 9148395.3 | F8: 4
A9: =A8+1 -> 4 | B9: DISTRIBUTION MAINTENANCE | C9: =+'S12 Chart of Accts Trial Bal.'!C116+'S12 Chart of Accts Trial Bal.'!C58+'S12 Chart of Accts Trial Bal.'!C59+'S12 Chart of Accts Trial Bal.'!C60+'S12 Chart of Accts Trial Bal.'!C61 -> 11552507 | D9: =+'S4 Dist Ops & Mtce'!H34 -> 988303.56 | E9: =C9+D9 -> 12540810 | F9: 4
A10: =A9+1 -> 5 | B10: CUSTOMER ACCOUNTS | C10: =+'S12 Chart of Accts Trial Bal.'!C129+'S12 Chart of Accts Trial Bal.'!C132 -> 3142380.2 | D10: =+'S5 Customer Accounts'!H18 -> 498089.1 | E10: =C10+D10 -> 3640469.3 | F10: 5
A11: =A10+1 -> 6 | B11: ADMINISTRATIVE & GENERAL | C11: =+'S12 Chart of Accts Trial Bal.'!C183 -> 5065840.2 | D11: =+'S6 Admin & Gen'!H21 -> 460313.94 | E11: =C11+D11 -> 5526154.2 | F11: 6
A12: =A11+1 -> 7
A13: =A12+1 -> 8 | B13: TOTAL O&M | C13: =SUM(C6:C11) -> 82999500 | D13: =SUM(D6:D11) -> 5033142.5 | E13: =SUM(E6:E11) -> 88032642
A14: =A13+1 -> 9
A15: =A14+1 -> 10 | B15: DEPRECIATION EXPENSE | C15: =+'S12 Chart of Accts Trial Bal.'!C196-'S12 Chart of Accts Trial Bal.'!C195 -> 6606656.7 | D15: =+'S8 Deprec & Amort Exp '!D12 -> 228848.33 | E15: =C15+D15 -> 6835505 | F15: 8
A16: =A15+1 -> 11 | B16: AMORTIZATION EXPENSE | C16: =+'S12 Chart of Accts Trial Bal.'!C195 -> -1.68 | D16: =+'S8 Deprec & Amort Exp '!D70 -> 1.68 | E16: =C16+D16 -> 0 | F16: 8
A17: =A16+1 -> 12 | B17: GROSS FUEL ELECTRIC TAX | C17: =+'S12 Chart of Accts Trial Bal.'!C199 -> 449738.55 | D17: =-C17 -> -449738.55 | E17: =C17+D17 -> 0 | F17: line 34
A18: =A17+1 -> 13 | B18: GROSS REVENUE TAX | C18: =+'S12 Chart of Accts Trial Bal.'!C198 -> 513815.75 | D18: =-C18 -> -513815.75 | E18: =C18+D18 -> 0 | F18: line 34
A19: =A18+1 -> 14 | B19: INTEREST ON LT DEBT | C19: =+'S12 Chart of Accts Trial Bal.'!C226 -> 4141895.2 | D19: =+'S9 Interest Exp'!D32 -> 509065.81 | E19: =C19+D19 -> 4650961 | F19: 9
A20: =A19+1 -> 15 | B20: OTHER INTEREST | C20: =+'S12 Chart of Accts Trial Bal.'!C229 -> 670668.47 | D20: =+'S9 Interest Exp'!D36 -> 245387.53 | E20: =C20+D20 -> 916056 | F20: 9
A21: =A20+1 -> 16 | B21: OTHER DEDUCTIONS | C21: =+'S12 Chart of Accts Trial Bal.'!C234 -> 7313.2 | D21: =+E21-C21 -> 66.8 | E21: 7380 | F21: N/A
A22: =A21+1 -> 17
A23: =A22+1 -> 18 | B23: TOTAL COST OF SERVICE | C23: =SUM(C13:C22) -> 95389586 | D23: =SUM(D13:D22) -> 5052958.4 | E23: =SUM(E13:E22) -> 1.0044254e+08
A24: =A23+1 -> 19
A25: =A24+1 -> 20 | B25: INTEREST & DIVIDEND INCOME | C25: =+'S12 Chart of Accts Trial Bal.'!C242 -> -5655390.9 | D25: =-'S10 Int, Div, Capital Income'!E14 -> -522770.71 | E25: =C25+D25 -> -6178161.6 | F25: 10
A26: =A25+1 -> 21 | B26: OTHER REVENUES (Pole Attachments, Wheeling, Jobbing) | C26: =-SUM('S12 Chart of Accts Trial Bal.'!C14:C18)+'S12 Chart of Accts Trial Bal.'!C277 -> -3629844.8 | D26: =+'S11 Revenues & Non-Op Margins'!D19-'S11 Revenues & Non-Op Margins'!D13 -> 868064.44 | E26: =C26+D26 -> -2761780.4 | F26: 11
A27: =A26+1 -> 22 | B27: OTHER CAPITAL CREDITS | C27: =+'S12 Chart of Accts Trial Bal.'!C285 -> -571001.27 | D27: =-'S10 Int, Div, Capital Income'!E32 -> -180 | E27: =C27+D27 -> -571181.27 | F27: 10
A28: =A27+1 -> 23 | B28: OTHER CAPITAL CREDITS (Adjustment for Non-Cash Patronage) | C28: =+'S10 Int, Div, Capital Income'!D21+'S10 Int, Div, Capital Income'!D25+'S10 Int, Div, Capital Income'!D31+'S10 Int, Div, Capital Income'!D23+'S10 Int, Div, Capital Income'!D27 -> 231656 | D28: =+'S10 Int, Div, Capital Income'!E21+'S10 Int, Div, Capital Income'!E23 -> 0 | E28: =C28+D28 -> 231656 | F28: 10
A29: =A28+1 -> 24
A30: =A29+1 -> 25 | B30: NET COST OF SERVICE | C30: =SUM(C23:C28) -> 85765005 | D30: =SUM(D23:D28) -> 5398072.1 | E30: =SUM(E23:E28) -> 91163077
A31: =A30+1 -> 26
A32: =A31+1 -> 27 | B32: REVENUE AT EXISTING RATES | C32: =SUM('S12 Chart of Accts Trial Bal.'!C6:C12) -> 90275577 | D32: =-'S11 Revenues & Non-Op Margins'!D13 -> 2979041.1 | E32: =C32+D32 -> 93254618 | F32: 11
A33: =A32+1 -> 28 | B33: REVENUE LESS EXPENSES (MARGIN) | C33: =C32-C30 -> 4510571.8 | E33: =E32-E30 -> 2091540.7
A34: =A33+1 -> 29
A35: =A34+1 -> 30 | B35: TOTAL REQUIRED MARGIN; 2.0 TIER | C35: =1*(C19+C20) -> 4812563.7 | E35: =1*(E19+E20) -> 5567017 | J35: Revenue Requirement | K35: Amount
A36: =A35+1 -> 31 | J36: Cost of Service Adjustment | K36: =+D30+D39 -> 6436641.5
A37: =A36+1 -> 32 | B37: REQ'D ADDITIONAL REVENUE (PRE-TAX) | C37: =+C35-C33 -> 301991.86 | E37: =+E35-E33 -> 3475476.3 | J37: Test Year Revenue Shortfall | K37: =+C40 -> 301991.86
A38: =A37+1 -> 33 | J38: 2.0 TIER Adjustment | K38: =+D19+D20 -> 754453.34
A39: =A38+1 -> 34 | B39: GROSS RECEIPTS & GROSS REVENUE TAX | C39: 0 | D39: =+E39-C39 -> 1038569.4 | E39: =+((E32+4514045)*0.005)+((E32+4514045-'S11 Revenues & Non-Op Margins'!E14-'S11 Revenues & Non-Op Margins'!E15+'S12 Chart of Accts Trial Bal.'!C15-'S2 Power Supply'!H12)*0.00525) -> 1038569.4 | J39: Base Revenue Adjustment | K39: =-D32 -> -2979041.1
A40: =A39+1 -> 35 | B40: TOTAL REQUIRED ADDITIONAL REVENUE | C40: =+C37+C39 -> 301991.86 | E40: =+E37+E39 -> 4514045.7 | J40: Revenue Requirement | K40: =SUM(K36:K39) -> 4514045.7
A41: =A40+1 -> 36 | B41: REQ'D RATE INCREASE | E41: =+E40/E32 -> 0.048405599

Sheet S1-1.5 TIER
A1: EXHIBIT: VEC-MLB-3
A2: SCHEDULE 2
A3: REVENUE REQUIREMENTS SUMMARY (1.5 TIER)
C5: 5/04-4/05
C6: TEST YEAR | E6: ADJUSTED | F6: REF
A7: LINE | B7: DESCRIPTION | C7: AMOUNT | D7: ADJUSTMENTS | E7: TEST YEAR | F7: SCHED
A8: 1 | B8: PURCHASED POWER | C8: ='S12 Chart of Accts Trial Bal.'!C37 -> 100964.47 | D8: =+'S2 Power Supply'!#REF! -> #REF! | E8: =+C8+D8 -> #REF! | F8: 2, 2A
A9: =A8+1 -> 2 | B9: TRANSMISSION | C9: ='S12 Chart of Accts Trial Bal.'!C60 -> 192565.32 | D9: =+'S3 Transmission'!#REF! -> #REF! | E9: =+'S3 Transmission'!#REF! -> #REF! | F9: 3
A10: =A9+1 -> 3 | B10: DISTRIBUTION OPERATION | C10: ='S12 Chart of Accts Trial Bal.'!C92 -> 14120.45 | D10: ='S4 Dist Ops & Mtce'!I56 -> 9028994 | E10: =C10+D10 -> 9043114.5 | F10: 4
A11: =A10+1 -> 4 | B11: DISTRIBUTION MAINTENANCE | C11: ='S12 Chart of Accts Trial Bal.'!C118 -> 39857.51 | D11: ='S4 Dist Ops & Mtce'!#REF! -> #REF! | E11: =C11+D11 -> #REF! | F11: 4
A12: =A11+1 -> 5 | B12: CUSTOMER ACCOUNTS | C12: ='S12 Chart of Accts Trial Bal.'!C138 -> 0 | D12: ='S5 Customer Accounts'!I18 -> 3022381.8 | E12: =C12+D12 -> 3022381.8 | F12: 5
A13: =A12+1 -> 6 | B13: ADMIN. & GENERAL | C13: ='S12 Chart of Accts Trial Bal.'!C213+'S12 Chart of Accts Trial Bal.'!C147+'S12 Chart of Accts Trial Bal.'!C153 -> 27508.21 | D13: =#REF! -> #REF! | E13: =C13+D13 -> #REF! | F13: 6
A14: =A13+1 -> 7 | B14: DSM EXPENSE excluding amortization | C14: ='S12 Chart of Accts Trial Bal.'!C214 -> 29710.81 | D14: =#REF! -> #REF! | E14: =D14+C14 -> #REF! | F14: 7
A15: 8
A16: 9 | B16: TOTAL O&M | C16: =SUM(C8:C14) -> 404726.77 | D16: =SUM(D8:D14) -> #REF! | E16: =SUM(E8:E14) -> #REF!
A17: =A16+1 -> 10
A18: =A17+1 -> 11 | B18: DEPRECIATION EXPENSE | C18: ='S12 Chart of Accts Trial Bal.'!C238 -> -2214445 | D18: =+'S8 Deprec & Amort Exp '!#REF! -> #REF! | E18: =C18+D18+0.02 -> #REF! | F18: 8
A19: =A18+1 -> 12 | B19: AMORTIZATION EXPENSE - ACQ | C19: =+'S12 Chart of Accts Trial Bal.'!C236 -> 1.0162331e+08 | D19: =+E19-C19 -> #REF! | E19: =-#REF! -> #REF! | F19: 8
A20: =A19+1 -> 13 | B20: AMORTIZATION EXPENSE - DSM, DEBT & MISC | C20: =+'S12 Chart of Accts Trial Bal.'!C233+'S12 Chart of Accts Trial Bal.'!C234+'S12 Chart of Accts Trial Bal.'!C232 -> 14626.4 | D20: =+E20-C20 -> #REF! | E20: =-#REF! -> #REF! | F20: 8
A21: =A20+1 -> 14 | B21: PROPERTY TAXES - per FERC instructions-follows property | C21: ='S12 Chart of Accts Trial Bal.'!C247 -> -32659.25 | D21: 0 | E21: =C21+D21 -> -32659.25 | F21: 9
A22: =A21+1 -> 15 | B22: Gross Receipts Tax | C22: ='S12 Chart of Accts Trial Bal.'!C260-'S12 Chart of Accts Trial Bal.'!C254 -> 10640.24 | D22: =-C22 -> -10640.24 | E22: =C22+D22 -> 0 | F22: line 34
A23: =A22+1 -> 16 | B23: GROSS REVENUE TAX | C23: ='S12 Chart of Accts Trial Bal.'!C254 -> -6042.5 | D23: =-C23 -> 6042.5 | E23: =C23+D23 -> 0 | F23: line 34
A24: =A23+1 -> 17
A25: =A24+1 -> 18 | B25: INTEREST ON LT DEBT - blend | C25: ='S12 Chart of Accts Trial Bal.'!C275 -> -694299.98 | D25: =+'S9 Interest Exp'!D32 -> 509065.81 | E25: =C25+D25 -> -185234.17 | F25: 10
A26: =A25+1 -> 19 | B26: OTHER INTEREST | C26: ='S12 Chart of Accts Trial Bal.'!C282+'S12 Chart of Accts Trial Bal.'!C288 -> -13924.09 | D26: =+#REF! -> #REF! | E26: =C26+D26 -> #REF! | F26: 11
A27: =A26+1 -> 20 | B27: RETURN (x.x TIER) see line 32
A28: =A27+1 -> 21 | B28: OTHER DEDUCTIONS | C28: ='S12 Chart of Accts Trial Bal.'!C297 -> 9430156 | D28: =+#REF! -> #REF! | E28: =C28+D28 -> #REF! | F28: 11
A29: =A28+1 -> 22
A30: =A29+1 -> 23 | B30: TOTAL COST OF SERVICE | C30: =SUM(C16:C28) -> 1.0852209e+08 | D30: =SUM(D16:D28) -> #REF! | E30: =SUM(E16:E28) -> #REF!
A31: =A30+1 -> 24
A32: =A31+1 -> 25 | B32: INTEREST & DIVIDEND INCOME 419's | C32: ='S12 Chart of Accts Trial Bal.'!C312 -> -1055887.9 | D32: =-'S10 Int, Div, Capital Income'!#REF! -> #REF! | E32: =C32+D32 -> #REF! | F32: 12
A33: =A32+1 -> 26 | B33: OTHER REVENUES--Transm; SFRO, Jobbing, bldg income | C33: ='S12 Chart of Accts Trial Bal.'!C341+SUM('S12 Chart of Accts Trial Bal.'!C14:C20) -> 1.0703719e+08 | D33: =+'S11 Revenues & Non-Op Margins'!D17 -> -2098951.7 | E33: =C33+D33 -> 1.0493824e+08 | F33: 13
A34: =A33+1 -> 27 | B34: OTHER CAPITAL CREDITS | C34: ='S12 Chart of Accts Trial Bal.'!C362 -> 560534.23 | D34: =+'S10 Int, Div, Capital Income'!E32 -> 180 | E34: =C34+D34 -> 560714.23 | F34: 12
A35: =A34+1 -> 28 | B35: EXTRAORDINARY ITEMS (Gain Disp Prop-Extra-ord Ded) | C35: =('S12 Chart of Accts Trial Bal.'!C347+'S12 Chart of Accts Trial Bal.'!C355) -> 3411427.9 | D35: 6058 | E35: 0 | F35: 12
A36: =A35+1 -> 29 | B36: TOTAL REVENUE REQUIREMENT | C36: =SUM(C30:C35) -> 2.1847535e+08 | D36: =SUM(D30:D35) -> #REF! | E36: =SUM(E30:E35)-0.15 -> #REF!
A37: =A36+1 -> 30 | B37: REVENUE AT EXISTING RATES | C37: =-SUM('S12 Chart of Accts Trial Bal.'!C6:C13) -> -91780532 | D37: =-'S11 Revenues & Non-Op Margins'!#REF!+0.25 -> #REF! | E37: =C37+D37 -> #REF! | F37: 13
A38: =A37+1 -> 31 | B38: REVENUE LESS EXPENSES | C38: =C37-C36 -> -3.1025589e+08 | E38: =E37-E36+0.17 -> #REF!
B39: REVENUE LESS EXPENSES - TEST YR VS. ADJ TEST YR | C39: =+C38 -> -3.1025589e+08 | D39: =+E39-C39 -> 3.1016327e+08 | E39: =+E40 -> -92617.085
A40: =A38+1 -> 32 | B40: TOTAL Req'd Margin = 0.5 TIER | C40: =0.5*C25 -> -347149.99 | E40: =0.5*E25 -> -92617.085
A41: =A40+1 -> 33 | B41: RETURN (1 plus Margin) - additional required | C41: =+C40-C38 -> 3.0990874e+08 | D41: =+D36+D39 -> #REF! | E41: =+E40-E38-0.23 -> #REF!
A42: =A41+1 -> 34 | B42: GROSS REVENUE TAX | E42: =(+E37+E41)/99 -> #REF!
A43: =A42+1 -> 35 | B43: TOTAL REQUIRED ADDITIONAL REVENUE | C43: =+C41+C42 -> 3.0990874e+08 | E43: =+E41+E42-0.17 -> #REF!
A44: =A43+1 -> 36 | B44: REQ'D ADDITIONAL REVENUE / REVENUE @ EXISTING RATES | C44: =+C41/C37 -> -3.3766282 | E44: =+E43/E37 -> #REF!
A45: =A44+1 -> 37 | B45: TOTAL REQUIRED ADDITIONAL REVENUE (TIER = 1.8) | E45: =+'S1 VEC Master Summary'!E40 -> 4514045.7
A46: =A45+1 -> 38
A47: =A46+1 -> 39 | B47: Difference In Revenue Requirements TIER of 1.5 vs 1.8 | E47: =+E45-E43 -> #REF!
F88: 13

Sheet S1A Chart of Major Items
A1: EXHIBIT: VEC-CCM 1
A2: SCHEDULE 1A
A31: Description | B31: % | C31: Amount
A32: Net Tariff Increases | B32: =+C32/$C$51 -> -0.38475606 | C32: =-'S1B Major Items of Change'!C11 -> -1736806.4
A33: Maint/ Ops Storm Costs | B33: =+C33/$C$51 -> -0.23092515 | C33: =-'S1B Major Items of Change'!C12 -> -1042406.7 | F33: Revenue @ Existing Rates | I33: =+'S1 VEC Master Summary'!E32 -> 93254618
A34: Power Supply Costs | B34: =+C34/$C$51 -> -0.18229055 | C34: =-'S1B Major Items of Change'!C13 -> -822867.88
A35: VELCO Dividend Income | B35: =+C35/$C$51 -> -0.11584967 | C35: =-'S1B Major Items of Change'!C14 -> -522950.71 | F35: Increase Expected | I35: =+'S1 VEC Master Summary'!E40 -> 4514045.7
A36: SCADA & DERMS Software | B36: =+C36/$C$51 -> -0.016391948 | C36: =-'S1B Major Items of Change'!C15 -> -73994
A37: Right of Way Fees | B37: =+C37/$C$51 -> 0.004669204 | C37: =-'S1B Major Items of Change'!C33 -> 21077 | F37: Percentage Increase | I37: =+I35/I33 -> 0.048405599
A38: Legal Fees | B38: =+C38/$C$51 -> 0.0067050717 | C38: =-'S1B Major Items of Change'!C32 -> 30267
A39: Risk Insurance | B39: =+C39/$C$51 -> 0.013405824 | C39: =-'S1B Major Items of Change'!C31 -> 60514.5
A40: Gross Revenue Taxes | B40: =+C40/$C$51 -> 0.016632957 | C40: =-'S1B Major Items of Change'!C30 -> 75081.929
A41: Transportation Costs | B41: =+C41/$C$51 -> 0.023375926 | C41: =-'S1B Major Items of Change'!C29 -> 105520
A42: IT & Communication Costs | B42: =+C42/$C$51 -> 0.033771421 | C42: =-'S1B Major Items of Change'!C28 -> 152445.74
A43: Depreciation | B43: =+C43/$C$51 -> 0.050697318 | C43: =-'S1B Major Items of Change'!C27 -> 228850.01
A44: Vegetative Maintenance | B44: =+C44/$C$51 -> 0.072044021 | C44: =-'S1B Major Items of Change'!C26 -> 325210
A45: Asset Inspection & Pole Testing | B45: =+C45/$C$51 -> 0.10593889 | C45: =-'S1B Major Items of Change'!C25 -> 478213
A46: Interest Expense | B46: =+C46/$C$51 -> 0.16713463 | C46: =-'S1B Major Items of Change'!C24 -> 754453.34
A47: Salary/Payroll + Benefits | B47: =+C47/$C$51 -> 0.2186597 | C47: =-'S1B Major Items of Change'!C23 -> 987039.86
A48: Property Tax | B48: =+C48/$C$51 -> 0.26445447 | C48: =-'S1B Major Items of Change'!C22 -> 1193759.6
A49: Non-Recurring Grant Revenue | B49: =+C49/$C$51 -> 0.44838824 | C49: =-'S1B Major Items of Change'!C21 -> 2024045
A50: Transmission Costs | B50: =+C50/$C$51 -> 0.50433572 | C50: =-'S1B Major Items of Change'!C20 -> 2276594.5
A51: Total Increase in Rates | B51: =SUM(B32:B50) -> 1 | C51: =SUM(C32:C50) -> 4514045.7
C52: =C51-I35 -> -1.2107193e-08

Sheet S1B Major Items of Change
A1: EXHIBIT: VEC-CCM 1
A2: SCHEDULE 1B
A3: COMPARISON OF TEST YEAR TO 2025 - KEY DRIVERS
C6: Net Rate Impact | H6: SUPPPORTING SCHEDULE
A7: Description | C7: Test Year vs 2025 | F7: CCM
G8: S1 | H8: S2 | I8: S3 | J8: S4 | K8: S5 | L8: S6 | M8: S7 | N8: S7A | O8: S7B | P8: S8 | Q8: S9 | R8: S10 | S8: S11
A9: A. Material Savings and Revenue Improvements | G9: Master | H9: Power | J9: Distribution | K9: Customer | L9: General & | N9: Information | Q9: Interest | R9: Interest & Div | S9: Revenue &
G10: Summary | H10: Supply | I10: Transmission | J10: Operations | K10: Accounts | L10: Admin | M10: Insurance | N10: Technology | O10: Transportation | P10: Depreciation | Q10: Expense | R10: Income | S10: Non-Operting | T10: Total
A11: A1.) Net Tariff Increases | C11: =-'S11 Revenues & Non-Op Margins'!$D$13-'S1 VEC Master Summary'!$C$40-'S1 VEC Master Summary'!$D$19-'S1 VEC Master Summary'!$D$20-'S11 Revenues & Non-Op Margins'!$D$14-'S11 Revenues & Non-Op Margins'!$D$15 -> 1736806.4 | E11: 2.0 TIER Margin Requirements offset by Net Tariff Adjustments | F11: =-'S11 Revenues & Non-Op Margins'!$D$13-'S1 VEC Master Summary'!$C$40-'S1 VEC Master Summary'!$D$19-'S1 VEC Master Summary'!$D$20-'S11 Revenues & Non-Op Margins'!$D$14-'S11 Revenues & Non-Op Margins'!$D$15 -> 1736806.4 | G11: =-'S1 VEC Master Summary'!$C$40-'S1 VEC Master Summary'!$D$19-'S1 VEC Master Summary'!$D$20 -> -1056445.2 | S11: =-'S11 Revenues & Non-Op Margins'!D13-'S11 Revenues & Non-Op Margins'!D14-'S11 Revenues & Non-Op Margins'!D15 -> 2793251.6 | T11: =SUM(G11:S11) -> 1736806.4 | U11: =+T11-C11 -> 0
A12: A2.) Maint / Ops Storm Costs | C12: =-'S4 Dist Ops & Mtce'!$H$19-'S4 Dist Ops & Mtce'!$H$24 -> 1042406.7 | E12: Decreases in Minor & Major Storm Costs Using 3 Year Average | F12: =-'S4 Dist Ops & Mtce'!$H$19-'S4 Dist Ops & Mtce'!$H$24 -> 1042406.7 | J12: =+F12 -> 1042406.7 | T12: =SUM(G12:S12) -> 1042406.7 | U12: =+T12-C12 -> 0
A13: A3.) Power Supply (Net of Sales for Resale & Renewable Energy Credits) | C13: =-'S2 Power Supply'!F13 -> 822867.88 | E13: Winter Reliability & Market Price Reductions | F13: =-'S2 Power Supply'!F17 -> 822867.88 | H13: =+F13 -> 822867.88 | T13: =SUM(G13:S13) -> 822867.88 | U13: =+T13-C13 -> 0
A14: A4.) Dividend Income from VELCO | C14: =+'S10 Int, Div, Capital Income'!$E$14+'S10 Int, Div, Capital Income'!$E$32 -> 522950.71 | E14: Additional Dividends from 2023 + 2024 TRANSCO Investments | F14: =+'S10 Int, Div, Capital Income'!$E$14+'S10 Int, Div, Capital Income'!$E$32 -> 522950.71 | R14: =+F14 -> 522950.71 | T14: =SUM(G14:S14) -> 522950.71 | U14: =+T14-C14 -> 0
A15: A5.) SCADA and DERMS Software | C15: =-'S4 Dist Ops & Mtce'!H48 -> 73994 | E15: SCADA software renewal increases offset by ESAP Grant for DERMS Software | F15: =+C15 -> 73994 | J15: =-'S4 Dist Ops & Mtce'!H48 -> 73994 | T15: =SUM(G15:S15) -> 73994 | U15: =+T15-C15 -> 0
A17: Subtotal Savings and Revenue Improvements | C17: =SUM(C11:C16) -> 4199025.7 | F17: =SUM(F11:F16) -> 4199025.7
A19: B. Material Cost Increases and Revenue Decreases
A20: B1.) Transmission By Others | C20: =-'S3 Transmission'!E21 -> -2276594.5 | E20: Increases for Velco Transmission Costs + ISO-NE RNS Rates | F20: =-'S3 Transmission'!E21 -> -2276594.5 | I20: =+F20 -> -2276594.5 | T20: =SUM(G20:S20) -> -2276594.5 | U20: =+T20-C20 -> 0
A21: B2.) Non-Recurring Grant Revenues | C21: =-'S11 Revenues & Non-Op Margins'!$D$16-'S4 Dist Ops & Mtce'!$H$26 -> -2024045 | E21: PPP Grant fully exhauted in 2023 + Estimated FEMA Storm Reimbursement | F21: =-'S11 Revenues & Non-Op Margins'!$D$16-'S4 Dist Ops & Mtce'!$H$26 -> -2024045 | J21: =-'S4 Dist Ops & Mtce'!H26 -> -1329745 | S21: =-'S11 Revenues & Non-Op Margins'!D16 -> -694299.98 | T21: =SUM(G21:S21) -> -2024045 | U21: =+T21-C21 -> 0
A22: B3.) Property Taxes | C22: =-SUM('S6 Admin & Gen'!H43:H48) -> -1193759.6 | E22: Increases in 2024 Property Tax Assessment & Rates | F22: =-'S3 Transmission'!$E$16-'S4 Dist Ops & Mtce'!$H$53-'S5 Customer Accounts'!$H$15-'S6 Admin & Gen'!$H$19 -> -1193759.6 | I22: =-'S3 Transmission'!E16 -> -100120.9 | J22: =-'S4 Dist Ops & Mtce'!H53 -> -1085647.5 | K22: =-'S5 Customer Accounts'!H15 -> -3450.211 | L22: =-'S6 Admin & Gen'!H19 -> -4540.9672 | T22: =SUM(G22:S22) -> -1193759.6 | U22: =+T22-C22 -> 0
A23: B4.) Salary & Benefits | C23: =-'S3 Transmission'!$E$10-'S4 Dist Ops & Mtce'!$H$9-'S4 Dist Ops & Mtce'!$H$40-'S5 Customer Accounts'!$H$9-'S6 Admin & Gen'!$H$9-'S11 Revenues & Non-Op Margins'!$D$9 -> -987039.86 | E23: Salary + Benefit Increases Reduced by Vacancy Factor | F23: =-'S3 Transmission'!$E$10-'S4 Dist Ops & Mtce'!$H$9-'S4 Dist Ops & Mtce'!$H$40-'S5 Customer Accounts'!$H$9-'S6 Admin & Gen'!$H$9-'S11 Revenues & Non-Op Margins'!$D$9 -> -987039.86 | I23: =-'S3 Transmission'!E10 -> -35973.527 | J23: =-'S4 Dist Ops & Mtce'!H9-'S4 Dist Ops & Mtce'!H40 -> -190939.52 | K23: =-'S5 Customer Accounts'!H9 -> -421324.42 | L23: =-'S6 Admin & Gen'!H9 -> -352381.35 | S23: =-'S11 Revenues & Non-Op Margins'!D9 -> 13578.964 | T23: =SUM(G23:S23) -> -987039.86 | U23: =+T23-C23 -> 0
A24: B5.) Interest Expense for Credit Facilities + Debt | C24: =-'S9 Interest Exp'!D32-'S9 Interest Exp'!D36 -> -754453.34 | E24: Higher Interest Rates for new debt and higher use of Debt Facilities | F24: =-'S9 Interest Exp'!D32-'S9 Interest Exp'!D36 -> -754453.34 | Q24: =-'S9 Interest Exp'!D32-'S9 Interest Exp'!D36 -> -754453.34 | T24: =SUM(G24:S24) -> -754453.34 | U24: =+T24-C24 -> 0
A25: B6.) Continuation of Asset Inspection Program + Pole Testing | C25: =-'S4 Dist Ops & Mtce'!$H$13 -> -478213 | E25: 2024 Resumed Asset Inpection Program + Increased Pole Testing/Treatment to meet 10-yr distribution cycle | F25: =-'S4 Dist Ops & Mtce'!$H$13 -> -478213 | J25: =+F25 -> -478213 | T25: =SUM(G25:S25) -> -478213 | U25: =+T25-C25 -> 0
A26: B7.) Vegetative Maintenance Cost Increase | C26: =-'S4 Dist Ops & Mtce'!$H$32 -> -325210 | E26: Reduced CCI Contributions $184k, Higher 2024 Spending + 2025 projects | F26: =-'S4 Dist Ops & Mtce'!$H$32 -> -325210 | J26: =+F26 -> -325210 | T26: =SUM(G26:S26) -> -325210 | U26: =+T26-C26 -> 0
A27: B8.) Depreciation | C27: =-'S8 Deprec & Amort Exp '!$D$12-'S8 Deprec & Amort Exp '!$D$70 -> -228850.01 | E27: New Utility Plant Placed in Service | F27: =-'S8 Deprec & Amort Exp '!$D$12-'S8 Deprec & Amort Exp '!$D$70 -> -228850.01 | P27: =F27 -> -228850.01 | T27: =SUM(G27:S27) -> -228850.01 | U27: =+T27-C27 -> 0
A28: B9.) IT Costs & Communication Costs | C28: =-'S3 Transmission'!$E$14-'S4 Dist Ops & Mtce'!$H$44-'S5 Customer Accounts'!$H$13-'S6 Admin & Gen'!$H$13 -> -152445.74 | E28: New 2024 Saas Sales Tax, AMI & Outage Managmeent Software, Maintence Contract Increases - S7A Information Technology | F28: =-'S3 Transmission'!$E$14-'S4 Dist Ops & Mtce'!$H$44-'S5 Customer Accounts'!$H$13-'S6 Admin & Gen'!$H$13 -> -152445.74 | I28: =-'S3 Transmission'!E14 -> -6878.5032 | J28: =-'S4 Dist Ops & Mtce'!H44 -> -36142.141 | K28: =-'S5 Customer Accounts'!H13 -> -70147.469 | L28: =-'S6 Admin & Gen'!H13 -> -39277.625 | T28: =SUM(G28:S28) -> -152445.74 | U28: =+T28-C28 -> 0
A29: B10), Transportation Clearing Account | C29: =-'S3 Transmission'!$E$12-'S4 Dist Ops & Mtce'!$H$11-'S5 Customer Accounts'!$H$11-'S6 Admin & Gen'!$H$11-'S11 Revenues & Non-Op Margins'!$D$10-'S4 Dist Ops & Mtce'!$H$42 -> -105520 | E29: Depreciation on new bucket trucks - S7B Transportation | F29: =-'S3 Transmission'!$E$12-'S4 Dist Ops & Mtce'!$H$11-'S5 Customer Accounts'!$H$11-'S6 Admin & Gen'!$H$11-'S11 Revenues & Non-Op Margins'!$D$10-'S4 Dist Ops & Mtce'!$H$42 -> -105520 | I29: =-'S3 Transmission'!E12 -> -1599 | J29: =-'S4 Dist Ops & Mtce'!H11-'S4 Dist Ops & Mtce'!H42 -> -98023 | K29: =-'S5 Customer Accounts'!H11 -> -3167 | L29: =-'S6 Admin & Gen'!H11 -> -1177 | S29: =-'S11 Revenues & Non-Op Margins'!D10 -> -1554 | T29: =SUM(G29:S29) -> -105520 | U29: =+T29-C29 -> 0
A30: B11.) Gross Revenue Taxes | C30: =-'S1 VEC Master Summary'!$E$39-'S1 VEC Master Summary'!$D$17-'S1 VEC Master Summary'!$D$18-'S1 VEC Master Summary'!$D$21 -> -75081.929 | E30: Higher Gross Revenue Taxes from higher revenue | F30: =-'S1 VEC Master Summary'!$E$39-'S1 VEC Master Summary'!$D$17-'S1 VEC Master Summary'!$D$18-'S1 VEC Master Summary'!$D$21 -> -75081.929 | G30: =+F30 -> -75081.929 | T30: =SUM(G30:S30) -> -75081.929 | U30: =+T30-C30 -> 0
A31: B12.) Risk Insurance | C31: =-'S7 - Insurance'!D27 -> -60514.5 | E31: 8/2024 Insurance Renewal | F31: =-'S7 - Insurance'!D27 -> -60514.5 | J31: =-'S4 Dist Ops & Mtce'!H46 -> -27844.5 | L31: =-'S6 Admin & Gen'!H15 -> -32670
A32: B13.) Legal Fees | C32: =-'S6 Admin & Gen'!H17 -> -30267 | E32: 5-year average for legal support + 1/4 of Legal Costs for 2025 Bond | F32: =+C32 -> -30267 | L32: =-'S6 Admin & Gen'!H17 -> -30267
A33: B14.) Right Of Way Entrance Fees | C33: =-'S4 Dist Ops & Mtce'!H51 -> -21077 | E33: Right of Way Licenses & Entrance Fees - VT Parks, Fish & Wildlife & Railroad Crossings | F33: =-'S4 Dist Ops & Mtce'!H51 -> -21077 | J33: =F33 -> -21077 | T33: =SUM(G33:S33) -> -21077 | U33: =+T33-C33 -> 0
A35: Subtotal of Material Cost Increases and Revenue Decreases | C35: =SUM(C20:C34) -> -8713071.4 | F35: =SUM(F20:F34) -> -8713071.4
A37: Net Increase Requested | C37: =-C17-C35 -> 4514045.7 | F37: =-F35-F17 -> 4514045.7 | G37: =SUM(G11:G36) -> -1131527.1 | H37: =SUM(H11:H36) -> 822867.88 | I37: =SUM(I11:I36) -> -2421166.4 | J37: =SUM(J11:J36) -> -2476441 | K37: =SUM(K11:K36) -> -498089.1 | L37: =SUM(L11:L36) -> -460313.94 | M37: =SUM(M11:M36) -> 0 | N37: =SUM(N11:N36) -> 0 | ... S37: =SUM(S11:S36) -> 2110976.6 | T37: =SUM(G37:S37) -> -4514045.7 | U37: =+T37+F37 -> 0
F38: =+C37-'S1 VEC Master Summary'!E40 -> -1.3038516e-08
F39: xchk | H39: =+'S2 Power Supply'!F17+H37 -> 0 | I39: =+I37+'S3 Transmission'!E23 -> 0 | J39: =+J37+'S4 Dist Ops & Mtce'!H34+'S4 Dist Ops & Mtce'!H56 -> 0 | K39: =+K37+'S5 Customer Accounts'!H18 -> 0 | L39: =+L37+'S6 Admin & Gen'!H21 -> 0 | P39: =-P37-'S8 Deprec & Amort Exp '!D12-'S8 Deprec & Amort Exp '!D70 -> -6.9848571e-12 | Q39: =-Q37-'S9 Interest Exp'!D32-'S9 Interest Exp'!D36 -> 0 | R39: =+R37-'S10 Int, Div, Capital Income'!E14-'S10 Int, Div, Capital Income'!E32 -> 0 | S39: =-S37-'S11 Revenues & Non-Op Margins'!D19 -> 0

Sheet S2 Power Supply
A1: EXHIBIT: VEC-CCM 1
A2: SCHEDULE 2
A3: POWER SUPPLY; D. POTTER
A6: VEC Power Costs
D7: Test Year | F7: Pro Forma | H7: =+'S1 VEC Master Summary'!E4 -> ADJ Test Year
A8: ACCT | B8: Account Name & Description | D8: =+'S1 VEC Master Summary'!C5 -> 7/1/23-6/30/24 | F8: Adjustments | H8: =+'S1 VEC Master Summary'!E5 -> 2025 | J8: Adjustment Description
A10: =+'S12 Chart of Accts Trial Bal.'!A28 -> 555 | B10: =+'S12 Chart of Accts Trial Bal.'!B28 -> PURCHASED POWER | D10: =+'S12 Chart of Accts Trial Bal.'!C28 -> 45257491 | F10: =+H10-D10 -> -1112156.1 | H10: =I90 -> 44145334 | J10: From Detailed Schedule Below
A11: =+'S12 Chart of Accts Trial Bal.'!A13 -> 447.2 | B11: =+'S12 Chart of Accts Trial Bal.'!B13 -> SALES FOR RESALE - OTHER | D11: =-'S12 Chart of Accts Trial Bal.'!C13 -> -1504955.5 | F11: =+H11-D11 -> -212179.49 | H11: =I91 -> -1717135 | J11: From Detailed Schedule Below
A12: =+'S12 Chart of Accts Trial Bal.'!A19 -> 459 | B12: =+'S12 Chart of Accts Trial Bal.'!B19 -> RENEWABLE ENERGY CREDITS | D12: =-'S12 Chart of Accts Trial Bal.'!C19 -> -4728766 | F12: =+H12-D12 -> 501467.74 | H12: =I94 -> -4227298.3 | J12: From Detailed Schedule Below
A13: Total Net Purchased Power | D13: =SUM(D10:D12) -> 39023769 | F13: =SUM(F10:F12) -> -822867.88 | H13: =SUM(H10:H12) -> 38200901
A17: Total Purchase Power Pro Forma Adjustments | D17: =+D13+D15 -> 39023769 | F17: =+F13+F15 -> -822867.88 | H17: =+H13+H15 -> 38200901
A19: Detailed Schedule of Net Purchased Power
A21: Line | B21: Source | D21: Test Year Summary | F21: Pro Forma Adjustments | H21: Adjusted Rate Year | J21: Line
D22: MWH | E22: $ | F22: MWH | G22: $ | H22: MWH | I22: $
A23: 1 | B23: Delvin Warner | D23: 64.025 | E23: 4589.95 | F23: =+H23-D23 -> 0 | G23: =+I23-E23 -> 137.70082 | H23: 64.025 | I23: 4727.6508 | J23: =+A23 -> 1
A24: =1+A23 -> 2 | B24: Arlon Warner | D24: 94.269 | E24: 6758.14 | F24: =+H24-D24 -> 0 | G24: =+I24-E24 -> 202.74895 | H24: 94.269 | I24: 6960.8889 | J24: =+A24 -> 2
A25: =1+A24 -> 3 | B25: Encore - Alburgh | D25: 1288.8 | E25: 170547.06 | F25: =+H25-D25 -> 0 | G25: =+I25-E25 -> 2544.2405 | H25: 1288.8 | I25: 173091.3 | J25: =+A25 -> 3
A26: =1+A25 -> 4 | B26: Encore - Magee Hill | D26: 1525.367 | E26: 178774.38 | F26: =+H26-D26 -> 0 | G26: =+I26-E26 -> 5405.6461 | H26: 1525.367 | I26: 184180.03 | J26: =+A26 -> 4
A27: =1+A26 -> 5 | B27: Bullrock - Grand Isle | D27: 6420 | E27: 769116 | F27: =+H27-D27 -> 0 | G27: =+I27-E27 -> 0 | H27: 6420 | I27: 769116 | J27: =+A27 -> 5
A28: =1+A27 -> 6 | B28: Encore -Jericho - Gravel Pit | D28: 2189.014 | E28: 239478.14 | F28: =+H28-D28 -> 0 | G28: =+I28-E28 -> 23860.244 | H28: 2189.014 | I28: 263338.38 | J28: =+A28 -> 6
A29: =1+A28 -> 7 | B29: Encore - Jericho - Landfill | D29: 1357.305 | E29: 149032.07 | F29: =+H29-D29 -> 0 | G29: =+I29-E29 -> 0.019 | H29: 1357.305 | I29: 149032.09 | J29: =+A29 -> 7
A30: =1+A29 -> 8 | B30: Kingdom Community Wind | D30: 19840.7 | E30: 2760936.6 | F30: =+H30-D30 -> 0.3 | G30: =+I30-E30 -> 14093.37 | H30: 19841 | I30: 2775030 | J30: =+A30 -> 8
A31: =1+A30 -> 9 | B31: Kingdom Community Wind - FCM | D31: 0 | E31: -52919.804 | F31: =+H31-D31 -> 0 | G31: =+I31-E31 -> -12572.954 | H31: 0 | I31: -65492.759 | J31: =+A31 -> 9
A32: =1+A31 -> 10 | B32: First Wind - Index to Market | D32: 24038.379 | E32: 663027.19 | F32: =+H32-D32 -> 0 | G32: =+I32-E32 -> 567738.24 | H32: 24038.379 | I32: 1230765.4 | J32: =+A32 -> 10
A33: =1+A32 -> 11 | B33: First Wind - Fixed Price - Energy | D33: 8012.7868 | E33: 803393.53 | F33: =+H33-D33 -> 0 | G33: =+I33-E33 -> 18638.263 | H33: 8012.7868 | I33: 822031.79 | J33: =+A33 -> 11
A34: =1+A33 -> 12 | B34: HQUS | D34: 117120 | E34: 7996404 | F34: =+H34-D34 -> -320 | G34: =+I34-E34 -> -108092 | H34: 116800 | I34: 7888312 | J34: =+A34 -> 12
A35: =1+A34 -> 13 | B35: HQUS - WEC | D35: 11712 | E35: 800615.04 | F35: =+H35-D35 -> -32 | G35: =+I35-E35 -> -11784.04 | H35: 11680 | I35: 788831 | J35: =+A35 -> 13
... A48: =1+A47 -> 26 | B48: Brookfield - Capacity | D48: 0 | E48: 285000 | F48: =+H48-D48 -> 0 | G48: =+I48-E48 -> 0 | H48: 0 | I48: 285000 | J48: =+A48 -> 26
A49: =1+A48 -> 27 | B49: HQ ICC | D49: 0 | E49: -92609.53 | F49: =+H49-D49 -> 0 | G49: =+I49-E49 -> -46819.22 | I49: -139428.75 | J49: =+A49 -> 27
A50: =1+A49 -> 28 | B50: NY Wind | D50: 41832 | E50: 3637066.6 | F50: =+H50-D50 -> 0 | G50: =+I50-E50 -> 96406.664 | H50: 41832 | I50: 3733473.2 | J50: =+A50 -> 28
A51: =1+A50 -> 29 | B51: Net Metering | D51: 17648.515 | E51: 0 | F51: =+H51-D51 -> 0 | G51: =+I51-E51 -> 0 | H51: 17648.515 | I51: 0 | J51: =+A51 -> 29
A52: =1+A51 -> 30 | B52: Settlement - Energy | D52: -19689.589 | E52: -309634.8 | F52: =+H52-D52 -> -32067.552 | G52: =+I52-E52 -> -1960005 | H52: -51757.141 | I52: -2269639.8 | J52: =+A52 -> 30
A53: =1+A52 -> 31 | B53: Settlement - Regulation | D53: 0 | E53: 59890.07 | F53: =+H53-D53 -> 0 | G53: =+I53-E53 -> 9964.1322 | H53: 0 | I53: 69854.202 | J53: =+A53 -> 31
A54: =1+A53 -> 32 | B54: Settlement - DA NCPC | D54: 0 | E54: 10605.28 | F54: =+H54-D54 -> 0 | G54: =+I54-E54 -> 1358.4628 | H54: 0 | I54: 11963.743 | J54: =+A54 -> 32
A55: =1+A54 -> 33 | B55: Settlement - RT NCPC | D55: 0 | E55: 40097.23 | F55: =+H55-D55 -> 0 | G55: =+I55-E55 -> 6830.7131 | H55: 0 | I55: 46927.943 | J55: =+A55 -> 33
A56: =1+A55 -> 34 | B56: Settlement - Locational Forward Reserves | D56: 0 | E56: 185366.85 | F56: =+H56-D56 -> 0 | G56: =+I56-E56 -> 34454.312 | H56: 0 | I56: 219821.16 | J56: =+A56 -> 34
A57: =1+A56 -> 35 | B57: Settlement - Losses | D57: 0 | E57: 309113.22 | F57: =+H57-D57 -> 0 | G57: =+I57-E57 -> 89093.843 | H57: 0 | I57: 398207.06 | J57: =+A57 -> 35
A58: =1+A57 -> 36 | B58: Settlement - Congestion | D58: 0 | E58: 116719.14 | F58: =+H58-D58 -> 0 | G58: =+I58-E58 -> 82452.628 | H58: 0 | I58: 199171.77 | J58: =+A58 -> 36
A59: =1+A58 -> 37 | B59: Settlement - ARR | D59: 0 | E59: -80360.32 | F59: =+H59-D59 -> 0 | G59: =+I59-E59 -> 0 | H59: 0 | I59: -80360.32 | J59: =+A59 -> 37
A60: =1+A59 -> 38 | B60: Settlement - FTR | D60: 0 | E60: 58083.65 | F60: =+H60-D60 -> 0 | G60: =+I60-E60 -> -58083.65 | H60: 0 | I60: 0 | J60: =+A60 -> 38
A61: =1+A60 -> 39 | B61: Settlement - ICAP | D61: 0 | E61: 114043.19 | F61: =+H61-D61 -> 0 | G61: =+I61-E61 -> 1124190.1 | H61: 0 | I61: 1238233.2 | J61: =+A61 -> 39
... A67: =1+A66 -> 45 | B67: VELCO FCM Settlement | D67: 0 | E67: -173287.24 | F67: =+H67-D67 -> 0 | G67: =+I67-E67 -> -46421.785 | H67: 0 | I67: -219709.02 | J67: =+A67 -> 45
A68: =1+A67 -> 46 | B68: VELCO Settlement - MWHs | D68: 0 | E68: -7386.69 | F68: =+H68-D68 -> 0 | G68: =+I68-E68 -> 7386.69 | H68: 0 | J68: =+A68 -> 46
A69: =1+A68 -> 47 | B69: VELCO Settlement - Misc. | D69: 0 | E69: 7351.9 | F69: =+H69-D69 -> 0 | G69: =+I69-E69 -> -7351.9 | H69: 0 | J69: =+A69 -> 47
A70: =1+A69 -> 48 | B70: VELCO Settlement - Resettlement | D70: 0 | E70: 873.99 | F70: =+H70-D70 -> 0 | G70: =+I70-E70 -> -873.99 | H70: 0 | J70: =+A70 -> 48
A71: =1+A70 -> 49 | B71: VELCO - NYPA Fees | D71: 0 | E71: 14733.56 | F71: =+H71-D71 -> 0 | G71: =+I71-E71 -> 0 | H71: 0 | I71: 14733.56 | J71: =+A71 -> 49
A72: =1+A71 -> 50 | B72: VELCO IBT Scheduling | D72: 0 | E72: 2962.25 | F72: =+H72-D72 -> 0 | G72: =+I72-E72 -> 0 | H72: 0 | I72: 2962.25 | J72: =+A72 -> 50
A73: =1+A72 -> 51 | B73: Viridity Battery | D73: 0 | E73: 138999.96 | F73: =+H73-D73 -> 0 | G73: =+I73-E73 -> 0 | H73: 0 | I73: 138999.96 | J73: =+A73 -> 51
A74: =1+A73 -> 52 | B74: Viridity Battery | D74: 0 | E74: -62358.41 | F74: =+H74-D74 -> 0 | G74: =+I74-E74 -> 0 | H74: 0 | I74: -62358.41 | J74: =+A74 -> 52
A75: =1+A74 -> 53 | B75: SHEI Mitigation Fees | D75: 0 | E75: -53136 | F75: =+H75-D75 -> 0 | G75: =+I75-E75 -> 53136 | H75: 0 | J75: =+A75 -> 53
A76: =1+A75 -> 54 | B76: VELCO Radio Site Battery Fees | D76: 0 | E76: 0 | F76: =+H76-D76 -> 0 | G76: =+I76-E76 -> 45269.28 | H76: 0 | I76: 45269.28 | J76: =+A76 -> 54
A77: =1+A76 -> 55 | B77: ISO NE IEP | D77: 0 | E77: 293794.14 | F77: =+H77-D77 -> 0 | G77: =+I77-E77 -> -92094.21 | H77: 0 | I77: 201699.93 | J77: =+A77 -> 55
A78: =1+A77 -> 56 | B78: VT Tier 1 REC | D78: 0 | E78: 902247.32 | F78: =+H78-D78 -> 0 | G78: =+I78-E78 -> -185409.9 | H78: 0 | I78: 716837.42 | J78: =+A78 -> 56
A79: =1+A78 -> 57 | B79: CES-E Purchases | D79: 0 | E79: 708965.4 | F79: =+H79-D79 -> 0 | G79: =+I79-E79 -> -708965.4 | H79: 0 | J79: =+A79 -> 57
A80: =1+A79 -> 58 | D80: 0 | F80: =+H80-D80 -> 0 | G80: =+I80-E80 -> 0 | H80: 0 | J80: =+A80 -> 58
A81: =1+A80 -> 59 | D81: 0 | F81: =+H81-D81 -> 0 | G81: =+I81-E81 -> 0 | H81: 0 | J81: =+A81 -> 59
A82: =1+A81 -> 60 | D82: 0 | F82: =+H82-D82 -> 0 | G82: =+I82-E82 -> 0 | H82: 0 | J82: =+A82 -> 60
A83: =1+A82 -> 61 | D83: 0 | F83: =+H83-D83 -> 0 | G83: =+I83-E83 -> 0 | H83: 0 | J83: =+A83 -> 61
A84: =1+A83 -> 62 | D84: 0 | F84: =+H84-D84 -> 0 | G84: =+I84-E84 -> 0 | H84: 0 | J84: =+A84 -> 62
A85: =1+A84 -> 63 | D85: 0 | F85: =+H85-D85 -> 0 | G85: =+I85-E85 -> 0 | H85: 0 | J85: =+A85 -> 63
A86: =1+A85 -> 64 | D86: 0 | F86: =+H86-D86 -> 0 | G86: =+I86-E86 -> 0 | J86: =+A86 -> 64
A87: =1+A86 -> 65 | D87: 0 | F87: =+H87-D87 -> 0 | G87: =+I87-E87 -> 0 | H87: 0 | J87: =+A87 -> 65
A88: =1+A87 -> 66 | D88: 0 | F88: =+H88-D88 -> 0 | G88: =+I88-E88 -> 0 | J88: =+A88 -> 66
A89: =1+A88 -> 67 | F89: =+H89-D89 -> 0 | G89: =+I89-E89 -> 0 | J89: =+A89 -> 67
A90: =1+A89 -> 68 | B90: 555.00 Purchased Power | D90: =+SUM(D23:D89) -> 558110.8 | E90: =+SUM(E23:E89) -> 45257491 | F90: =+SUM(F23:F89) -> -29626.879 | G90: =+SUM(G23:G89) -> -1112156.5 | H90: =+SUM(H23:H89) -> 528483.92 | I90: =+SUM(I23:I89) -> 44145334 | J90: =+A90 -> 68
A91: =1+A90 -> 69 | B91: ISO Settlement Sales | C91: Energy Sold | D91: -58056.05 | E91: -1504955.5 | F91: =+H91-D91 -> 28056.05 | G91: =+I91-E91 -> -212179.49 | H91: -30000 | I91: -1717135 | J91: =+A91 -> 69
A92: =1+A91 -> 70 | J92: =+A92 -> 70
A93: =1+A92 -> 71 | B93: 447.00 Sales for Resale | D93: =+D92+D91 -> -58056.05 | E93: =+E92+E91 -> -1504955.5 | F93: =+H93-D93 -> 28056.05 | G93: =+I93-E93 -> -212179.49 | H93: =+H92+H91 -> -30000 | I93: =+I92+I91 -> -1717135 | J93: =+A93 -> 71
A94: =1+A93 -> 72 | B94: Renewable Energy Certificates | E94: -4728766 | F94: =+H94-D94 -> 0 | G94: =+I94-E94 -> 501467.74 | I94: -4227298.3 | J94: =+A94 -> 72
A95: =1+A94 -> 73 | B95: Net Purchased Power | D95: =+D90+D93 -> 500054.75 | E95: =+E90+E93+E94 -> 39023769 | F95: =+F90-F93 -> -57682.929 | G95: =+G90+G93+G94 -> -822868.21 | H95: =+H90+H93 -> 498483.92 | I95: =+I90+I93+I94 -> 38200901 | J95: =+A95 -> 73

Sheet S3 Transmission
A1: EXHIBIT: VEC-CCM 1
A2: SCHEDULE 3
A3: TRANSMISSION EXPENSE; K.AUDETTE
A6: VEC Transmission Costs (Transmission Right of Way Included on Schedule 4)
D7: Test Year | E7: Pro Forma | F7: =+'S1 VEC Master Summary'!E4 -> ADJ Test Year
A8: ACCT | B8: Account Name & Description | D8: =+'S1 VEC Master Summary'!C5 -> 7/1/23-6/30/24 | E8: Adjustments | F8: =+'S1 VEC Master Summary'!E5 -> 2025 | G8: Adjustment Description
A10: VARIOUS | B10: PROFORMA LABOR + BENEFIT COST | D10: =+'S6A Total Payroll by Function'!C8 -> 964969.1 | E10: =+F10-D10 -> 35973.527 | F10: =+'S6A Total Payroll by Function'!E8 -> 1000942.6 | G10: Schedule S6-A
A12: VARIOUS | B12: PROFORMA TRANSPORTATION COST | D12: ='S7B Transportation'!B19 -> 9817 | E12: =+F12-D12 -> 1599 | F12: ='S7B Transportation'!F19 -> 11416 | G12: Schedule S7-B
A14: VARIOUS | B14: PROFORMA INFORMATION TECHNOLOGY COST | D14: =+'S7A Information Technology'!B22 -> 55760.79 | E14: =+F14-D14 -> 6878.5032 | F14: =+'S7A Information Technology'!F22 -> 62639.293 | G14: Schedule S7-A
A16: =+'S12 Chart of Accts Trial Bal.'!A45 -> 563.99 | B16: =+'S12 Chart of Accts Trial Bal.'!B45 -> O/H LINE EXP-TRANSM - PROP TAX | D16: =+'S6 Admin & Gen'!G43 -> 326525.94 | E16: =+F16-D16 -> 100120.9 | F16: =+'S6 Admin & Gen'!I43 -> 426646.84 | G16: Schedule 6 Property Taxes Work Area
A18: =+'S12 Chart of Accts Trial Bal.'!A46 -> 565 | B18: =+'S12 Chart of Accts Trial Bal.'!B46 -> TRANSMISSION BY OTHERS | D18: =+'S12 Chart of Accts Trial Bal.'!C46 -> 14252777 | E18: =+F18-D18 -> 2224907.9 | F18: =F47 -> 16477685 | G18: Per Detailed Schedule Below
A19: =+'S12 Chart of Accts Trial Bal.'!A47 -> 565.1 | B19: =+'S12 Chart of Accts Trial Bal.'!B47 -> TRANSM. BY OTHERS-CZN TARIFF | D19: =+'S12 Chart of Accts Trial Bal.'!C47 -> 536738.91 | E19: =+F19-D19 -> 23633.09 | F19: =F52 -> 560372 | G19: Per Detailed Schedule Below
A20: =+'S12 Chart of Accts Trial Bal.'!A49 -> 565.4 | B20: =+'S12 Chart of Accts Trial Bal.'!B49 -> TRANSM. BY OTHERS-METALLIC | D20: =+'S12 Chart of Accts Trial Bal.'!C49 -> 59915.48 | E20: =+F20-D20 -> 28053.52 | F20: =F54 -> 87969 | G20: Per Detailed Schedule Below
B21: TOTAL TRANSMISSION BY OTHERS | D21: =SUM(D18:D20) -> 14849432 | E21: =SUM(E18:E20) -> 2276594.5 | F21: =SUM(F18:F20) -> 17126026
A23: Total Transmission Expense | D23: =SUM(D10:D22)-D21 -> 16206504 | E23: =SUM(E10:E22)-E21 -> 2421166.4 | F23: =SUM(F10:F22)-F21 -> 18627671
A26: Detailed Schedule of Transmission By Others (FERC Acct 565)
D27: Test Year | E27: Pro Forma | F27: =+F7 -> ADJ Test Year
A28: Acct | B28: Transmission | D28: =+D8 -> 7/1/23-6/30/24 | E28: Adjustments | F28: =+F8 -> 2025
B29: Phase I Support | D29: 9856 | E29: =+F29-D29 -> 3220 | F29: 13076
B30: Phase II Support | D30: 153029 | E30: =+F30-D30 -> 115152 | F30: 268181
B31: VELCO Transmission | D31: =3748526-83381 -> 3665145 | E31: =+F31-D31 -> 556128 | F31: 4221273 | G31: Directly from the VELCO forecast
B34: Sch 1 & 9 RNS ISO OATT | D34: =8393937+342319 -> 8736256 | E34: =+F34-D34 -> 1362962 | F34: 10099218 | G34: RNS Rate increase effective Jan. 1, 2025
B35: Sch 2 Reactive Supply and Voltage Control (VAR) | D35: 53901 | E35: =+F35-D35 -> 3051 | F35: 56952
B36: Sch 16 Blackstart Service | D36: 82091 | E36: =+F36-D36 -> -5138 | F36: 76953
B37: TOTAL ISO-NE OATT | D37: =SUM(D34:D36) -> 8872248 | E37: =+F37-D37 -> 1360875 | F37: =SUM(F34:F36) -> 10233123
B39: ISO SFT Schedule 1 | D39: 161185 | E39: =+F39-D39 -> -34265 | F39: 126920
B40: ISO SFT Schedule 2 | D40: =244702+7385 -> 252087 | E40: =+F40-D40 -> 48960 | F40: 301047
B41: ISO SFT Schedule 3 & 5 | D41: 235899 | E41: =+F41-D41 -> 47161 | F41: 283060
B42: Total ISO Self Funded Tariff | D42: =SUM(D39:D41) -> 649171 | E42: =+F42-D42 -> 61856 | F42: =SUM(F39:F41) -> 711027
B44: Swanton Transmission | D44: 42642 | E44: =+F44-D44 -> 138 | F44: 42780
B45: GMP OATT | D45: 860687 | E45: =+F45-D45 -> 127538 | F45: 988225 | G45: Directly from GMP Sch 21 forecast 10/15/24
A47: 565 | B47: Transmission By Others | D47: =D29+D30+D31+D37+D42+D44+D45 -> 14252778 | E47: =+F47-D47 -> 2224907 | F47: =F29+F30+F31+F37+F42+F44+F45 -> 16477685
B49: SPA - O&M - Newport and Irasburg | D49: 13851 | E49: =+F49-D49 -> 4715 | F49: 18566
B50: SPA - Shared Use - Newport and Irasburg | D50: 491623 | E50: =+F50-D50 -> -18 | F50: 491605
B51: Bill Back Agreement | D51: =33672-2407 -> 31265 | E51: =+F51-D51 -> 18936 | F51: 50201
A52: 565.1 | B52: Transmission By Others - CZN Tariff | D52: =SUM(D49:D51) -> 536739 | E52: =+F52-D52 -> 23633 | F52: =SUM(F49:F51) -> 560372
A54: 565.4 | B54: Transmission By Others DMNRC | D54: 59915 | E54: =+F54-D54 -> 28054 | F54: 87969
A56: 565.XX | B56: Total Transmission by Others | D56: =SUM(D47+D52+D54) -> 14849432 | E56: =+F56-D56 -> 2276594 | F56: =SUM(F47+F52+F54) -> 17126026

Sheet S4 Dist Ops & Mtce
A1: EXHIBIT: VEC-CCM 1
A2: SCHEDULE 4
A3: DISTRIBUTION OPERATION & MAINTENANCE EXPENSE; C. MASHIA
G6: Test Year | H6: Pro Forma | I6: =+'S1 VEC Master Summary'!E4 -> ADJ Test Year
A7: ACCT | B7: DISTRIBUTION MAINTENANCE | G7: =+'S1 VEC Master Summary'!C5 -> 7/1/23-6/30/24 | H7: Adjustments | I7: =+'S1 VEC Master Summary'!E5 -> 2025 | K7: Adjustment Description
A9: VARIOUS | B9: PROFORMA LABOR + BENEFIT COST | G9: =+'S6A Total Payroll by Function'!C10 -> 5346465.7 | H9: =+I9-G9 -> -180147.77 | I9: =+'S6A Total Payroll by Function'!E10 -> 5166318 | K9: Schedule S6-A
A11: VARIOUS | B11: PROFORMA TRANSPORTATION COST | G11: ='S7B Transportation'!B21 -> 631828 | H11: =+I11-G11 -> 77690 | I11: ='S7B Transportation'!F21 -> 709518 | K11: Schedule S7-B
A13: 593.00 | B13: OUTSIDE SERVICES | G13: =178052+26356 -> 204408 | H13: =+I13-G13 -> 478213 | I13: =363211+319410 -> 682621 | K13: Increased # of poles to test to meet 10-yr cycle
B14: POLE TREATMENT & TESTING AND ASSET INSPECTION PROGRAM | K14: 2024 Asset Inspection Occurred Outside Test Year
A16: 593.00 & 593.30 | B16: MINOR STORM DAMAGE (EXTERNAL COSTS)
B17: THREE YEAR AVERAGE **(1)**
B18: CONTRACTING/OUTSIDE SERVICES | K18: See Avg Calculation Below in Work Area
B19: INCREASE (DECREASE) IN COST | G19: =+I65 -> 539020.35 | H19: =+I19-G19 -> -312220.35 | I19: =+I67 -> 226800 | K19: 2025 Contractor Costs for Minor Storms less than Test Year
A21: 593.20 | B21: MAJOR STORM DAMAGE EXPENSE: (EXTERNAL COSTS)
B22: THREE YEAR AVERAGE **(2)**
B23: CONTRACTING/OUTSIDE SERVICES | K23: See Avg Calculation Below in Work Area
B24: INCREASE (DECREASE) IN COST | G24: =+I74 -> 1404986.3 | H24: =+I24-G24 -> -730186.32 | I24: =+I76 -> 674800 | K24: 3-Yr Avg is less than Costs Incurred in the Test Year
A26: 593.20+593.00 | B26: STORM - GRANT REIMBURSEMENT | G26: =-1192650-137095 -> -1329745 | H26: =+I26-G26 -> 1329745 | I26: 0 | K26: FEMA Grant Reimbursement Not Anticipated
B28: VEGETATION MANAGEMENT:
A29: 571.12,20&30 | B29: GROSS AMOUNT OF VEGETATION MANAGEMENT (TRANSM) | G29: 298473 | H29: =+I29-G29 -> 346639 | I29: 645112 | K29: Outside Services for Transmission
A30: 593.1X | B30: GROSS AMOUNT OF VEGETATION MANAGEMENT (DISTRIB) | G30: 4776591 | H30: =+I30-G30 -> -192599 | I30: 4583992 | K30: Outside Servcies for Distribution
A31: 593.12 | B31: VEGETATION CONTRIBUTION - CONSOLIDATED | G31: -593481 | H31: =+I31-G31 -> 171170 | I31: -422311 | K31: 2023 was the last year for Consolidated Contractual Credit
B32: SUBTOTAL VEGETATION MANAGEMENT: | G32: =SUM(G29:G31) -> 4481583 | H32: =SUM(H29:H31) -> 325210 | I32: =SUM(I29:I31) -> 4806793 | K32: $4,716,163 Approved for 2024 Rate Year
K33: On Schedule to Meet 2024 Costs
B34: TOTAL DISTRIBUTION MAINTENANCE | G34: =SUM(G9:G32)-G32 -> 11278546 | H34: =SUM(H9:H32)-H32 -> 988303.56 | I34: =SUM(I9:I32)-I32 -> 12266850
G37: Test Year | H37: Pro Forma | I37: =+'S1 VEC Master Summary'!E4 -> ADJ Test Year
A38: ACCT | B38: DISTRIBUTION OPERATIONS | G38: =+'S1 VEC Master Summary'!C5 -> 7/1/23-6/30/24 | H38: Adjustments | I38: =+'S1 VEC Master Summary'!E5 -> 2025 | K38: Adjustment Description
A40: VARIOUS | B40: PROFORMA LABOR + BENEFIT COST | G40: =+'S6A Total Payroll by Function'!C9 -> 3234474.5 | H40: =+I40-G40 -> 371087.29 | I40: =+'S6A Total Payroll by Function'!E9 -> 3605561.8 | K40: Schedule S6-A
A42: VARIOUS | B42: PROFORMA TRANSPORTATION COST | G42: ='S7B Transportation'!B20 -> 149148 | H42: =+I42-G42 -> 20333 | I42: ='S7B Transportation'!F20 -> 169481 | K42: Schedule S7-B
A44: VARIOUS | B44: PROFORMA INFORMATION TECHNOLOGY COST | G44: =+'S7A Information Technology'!B23+'S7A Information Technology'!B24 -> 269131.62 | H44: =+I44-G44 -> 36142.141 | I44: =+'S7A Information Technology'!F23+'S7A Information Technology'!F24 -> 305273.76 | K44: Schedule S7-A
A46: VARIOUS | B46: PROFORMA INSURANCE COST | G46: ='S7 - Insurance'!B23 -> 68747.5 | H46: =+I46-G46 -> 27844.5 | I46: ='S7 - Insurance'!F23 -> 96592 | K46: Schedule S7
A48: 561.00 & 561.01 | B48: SCADA & CAMUS COMPUTER EXPENSES | G48: =50220+50220+78589+78589 -> 257618 | H48: =+I48-G48 -> -73994 | I48: =61980+61980+29832+29832 -> 183624 | K48: SCADA Software Contract increases & CAMUS SOFTWARE
A49: 581.00 & 581.01
A51: 589.00 | B51: RENTS / RIGHT OF WAY | G51: 26503 | H51: =+I51-G51 -> 21077 | I51: 47580 | K51: Right of Way License & Entrance Fees
A53: 582.99 & | B53: DISTRIBUTION OPERATION - PROPERTY TAXES | G53: =+'S6 Admin & Gen'!G44+'S6 Admin & Gen'!G45+'S6 Admin & Gen'!G46 -> 3535234 | H53: =+I53-G53 -> 1085647.5 | I53: =+'S6 Admin & Gen'!I44+'S6 Admin & Gen'!I45+'S6 Admin & Gen'!I46 -> 4620881.5 | K53: Schedule 6 Property Taxes Work Area
A54: 583.99 & 586.99
B56: TOTAL DISTRIBUTION OPERATION | G56: =SUM(G39:G55) -> 7540856.6 | H56: =SUM(H39:H55) -> 1488137.4 | I56: =SUM(I39:I55) -> 9028994
A59: Work Area:
A61: **(1)** | B61: MINOR STORM DAMAGE EXPENSE ACCT# 593.00/593.30 -- External Contractor Costs
B62: PERIOD | D62: External Help | F62: Billings | I62: Net Outside Services - Minor Storm
B63: 7/21 - 6/22 | D63: 167171.4 | F63: -37610.88 | I63: =+D63+F63 -> 129560.52
B64: 7/22 - 6/23 | D64: 52012.65 | F64: -60273.25 | I64: =+D64+F64 -> -8260.6
B65: 7/23 - 6/24 | D65: 591562.55 | F65: -52542.2 | I65: =+D65+F65 -> 539020.35
B66: AVERAGE | D66: =AVERAGE(D63:D65) -> 270248.87 | F66: =AVERAGE(F63:F65) -> -50142.11 | I66: =AVERAGE(I63:I65) -> 220106.76
B67: Average with 3% Inflation | D67: =ROUND(D66*1.03,-2) -> 278400 | F67: =ROUND(F66*1.03,-2) -> -51600 | I67: =+D67+F67 -> 226800 | K67: 2025 Minor Storm External Contractor Costs
A68: Note: No COLA Adj. Made to Actual Historical Minor Storm Costs
A70: **(2)** | B70: MAJOR STORM DAMAGE EXPENSE ACCT# 593.20 -- External Contractor Costs (Offset by Consolidated Reimbursement on External Costs)
B71: PERIOD | D71: External Help | F71: Consolidated Billings | I71: Net Outside Services - Major Storm
B72: 7/21 - 6/22 | D72: 100680.87 | F72: 0 | I72: =+D72+F72 -> 100680.87
B73: 7/22 - 6/23 | D73: 509003.34 | F73: -49315.73 | I73: =+D73+F73 -> 459687.61
B74: 7/23 - 6/24 | D74: 1404986.3 | F74: 0 | I74: =+D74+F74 -> 1404986.3
B75: AVERAGE | D75: =AVERAGE(D72:D74) -> 671556.84 | F75: =AVERAGE(F72:F74) -> -16438.577 | I75: =AVERAGE(I72:I74) -> 655118.27
B76: Average with 3% Inflation | D76: =ROUND(D75*1.03,-2) -> 691700 | F76: =ROUND(F75*1.03,-2) -> -16900 | I76: =+D76+F76 -> 674800 | K76: 2025 Major Storm External Contractor Costs
A77: Note: No COLA Adj. Made to Actual Historical Major Storm Costs

Sheet S5 Customer Accounts
A1: EXHIBIT: VEC-CCM 1
A2: SCHEDULE 5
A3: CUSTOMER ACCOUNTS EXPENSE DETAIL; C. MASHIA
G6: Test Year | H6: Pro Forma | I6: =+'S1 VEC Master Summary'!E4 -> ADJ Test Year
A7: ACCT | B7: CUSTOMER ACCOUNTS | G7: =+'S1 VEC Master Summary'!C5 -> 7/1/23-6/30/24 | H7: Adjustments | I7: =+'S1 VEC Master Summary'!E5 -> 2025 | J7: Adjustment Description
A9: VARIOUS | B9: PROFORMA LABOR + BENEFIT COST | G9: =+'S6A Total Payroll by Function'!C11 -> 1898963.3 | H9: =+I9-G9 -> 421324.42 | I9: =+'S6A Total Payroll by Function'!E11 -> 2320287.7 | J9: Schedule S6-A
A11: VARIOUS | B11: PROFORMA TRANSPORTATION COST | G11: ='S7B Transportation'!B22 -> 23954 | H11: =+I11-G11 -> 3167 | I11: ='S7B Transportation'!F22 -> 27121 | J11: Schedule S7-B
A13: VARIOUS | B13: PROFORMA INFORMATION TECHNOLOGY COST | G13: =+'S7A Information Technology'!B25 -> 589755.25 | H13: =+I13-G13 -> 70147.469 | I13: =+'S7A Information Technology'!F25 -> 659902.72 | J13: Schedule S7-A
A15: 903.99 | B15: =+'S6 Admin & Gen'!B47 -> PROP. TAX CUSTOMER RECORDS EXPENSE | G15: =+'S6 Admin & Gen'!G47 -> 11620.14 | H15: =+I15-G15 -> 3450.211 | I15: =+'S6 Admin & Gen'!I47 -> 15070.351 | J15: Schedule 6 Property Taxes Work Area
B18: TOTAL CUSTOMER ACCOUNTS EXPENSE | G18: =SUM(G9:G16) -> 2524292.7 | H18: =SUM(H9:H16) -> 498089.1 | I18: =SUM(I9:I16) -> 3022381.8

Sheet S6 Admin & Gen
A1: EXHIBIT: VEC-CCM 1
A2: SCHEDULE 6
A3: A&G EXPENSE DETAIL; C.MASHIA
G6: Test Year | H6: Pro Forma | I6: =+'S1 VEC Master Summary'!E4 -> ADJ Test Year
A7: ACCT | B7: ADMIN & GENERAL | G7: =+'S1 VEC Master Summary'!C5 -> 7/1/23-6/30/24 | H7: Adjustments | I7: =+'S1 VEC Master Summary'!E5 -> 2025 | J7: Adjustment Description
A9: VARIOUS | B9: PROFORMA LABOR + BENEFIT COST | G9: =+'S6A Total Payroll by Function'!C12 -> 2763517.9 | H9: =+I9-G9 -> 352381.35 | I9: =+'S6A Total Payroll by Function'!E12 -> 3115899.2 | J9: Schedule S6-A
A11: VARIOUS | B11: PROFORMA TRANSPORTATION COST | G11: ='S7B Transportation'!B23 -> 8893 | H11: =+I11-G11 -> 1177 | I11: ='S7B Transportation'!F23 -> 10070 | J11: Schedule S7-B
A13: VARIOUS | B13: PROFORMA INFORMATION TECHNOLOGY COST | G13: ='S7A Information Technology'!B26 -> 325745.27 | H13: =+I13-G13 -> 39277.625 | I13: ='S7A Information Technology'!F26 -> 365022.9 | J13: Schedule S7-A
A15: VARIOUS | B15: PROFORMA INSURANCE COST | G15: ='S7 - Insurance'!B26 -> 84809 | H15: =+I15-G15 -> 32670 | I15: ='S7 - Insurance'!F26 -> 117479 | J15: Schedule S7
A17: VARIOUS | B17: LEGAL FEES | G17: 25058 | H17: =+I17-G17 -> 30267 | I17: 55325 | J17: 2025 Bond Legal Fees (amortized over 4 years) + 5-yr avg for legal support
A19: 930.99 | B19: =+B48 -> PROP. TAX MISC GENERAL EXPENSE | G19: =+G48 -> 24976.895 | H19: =+I19-G19 -> 4540.9672 | I19: =+I48 -> 29517.862 | J19: Schedule 6 Property Taxes Work Area (Below)
B21: TOTAL ADMIN & GENERAL EXPENSES | G21: =SUM(G9:G20) -> 3233000 | H21: =SUM(H9:H20) -> 460313.94 | I21: =SUM(I9:I20) -> 3693314
A26: Work Area for Property Taxes:
E27: Property Tax Year
B28: Description | C28: 2019 | D28: 2020 | E28: 2021 | F28: 2022 | G28: 2023 | H28: 2024 | I28: 2025 Projected | J28: Adjustment Description
B29: Gross Total Property Tax Expense/Year | C29: 3525390.6 | D29: 3779359.7 | E29: 4015071.3 | F29: 3794819 | G29: 3914724 | H29: 5040974 | I29: =+H29*(1+H34) -> 5164140.1 | J29: 2024 Actual Tax Bills + 5-Yr Average Increase
B30: Adjustments to Normalize Annual % Increase | C30: 228538 | D30: 253969 | E30: 0 | F30: 0 | G30: 0 | H30: 0
B31: Net Total Property Tax Expense / Year | C31: 3715359 | D31: 3969328 | E31: 4015071 | F31: 3794819 | G31: 3914724 | H31: 5040974
B32: Change From Prior Year | C32: 228538.26 | D32: 253969 | E32: 45743.633 | F32: -220252 | G32: 119905 | H32: 1126250
B33: % Increase | C33: 0.065543459 | D33: 0.068356563 | E33: 0.011524277 | F33: -0.054856318 | G33: 0.03159703 | H33: 0.28769578 | J33: Excluded 2024 Large % Increase as an anomaly
B34: Five Year Average Increase | H34: =AVERAGE(C33:G33) -> 0.024433002 | J34: Used 2019-2023
B36: Net Property Tax for the Year | I36: =SUM(I29:I35) -> 5164140.1
G38: Test Year | H38: Pro Forma | I38: =+'S1 VEC Master Summary'!E4 -> ADJ Test Year
A39: Acct # | B39: Account Description | G39: =+'S1 VEC Master Summary'!C5 -> 7/1/23-6/30/24 | H39: Adjustments | I39: =+'S1 VEC Master Summary'!E5 -> 2025 | J39: Schedule #
A40: 107.2 | B40: CWIP CAPITAL | G40: 10653.982 | H40: =+I40-G40 -> 1940.3055 | I40: 12594.288 | J40: N/A
A41: 163 | B41: STORES EXPENSE - UNDISTRIBUTED | G41: 19984.808 | H41: =+I41-G41 -> 3629.481 | I41: 23614.289 | J41: N/A
A42: 184.01 | B42: TRANSPORTATION - UNDISTRIBUTED | G42: 30303.706 | H42: =+I42-G42 -> 5511.3 | I42: 35815.006 | J42: N/A
A43: 563.99 | B43: PROP. TAX OH LINE EXPENSE TRANSMISSION | G43: 326525.94 | H43: =+I43-G43 -> 100120.9 | I43: 426646.84 | J43: Schedule 3
A44: 582.99 | B44: PROP. TAX SUBSTATION EXPENSE | G44: 379591.25 | H44: =+I44-G44 -> 116691.01 | I44: 496282.26 | J44: Schedule 4
A45: 583.99 | B45: PROP. TAX OH LINE EXPENSE DISTRIBUTION | G45: 3144022.6 | H45: =+I45-G45 -> 965506.27 | I45: 4109528.9 | J45: Schedule 4
A46: 586.99 | B46: PROP. TAX METER EXPENSES | G46: 11620.14 | H46: =+I46-G46 -> 3450.211 | I46: 15070.351 | J46: Schedule 4
A47: 903.99 | B47: PROP. TAX CUSTOMER RECORDS EXPENSE | G47: 11620.14 | H47: =+I47-G47 -> 3450.211 | I47: 15070.351 | J47: Schedule 5
A48: 930.99 | B48: PROP. TAX MISC GENERAL EXPENSE | G48: 24976.895 | H48: =+I48-G48 -> 4540.9672 | I48: 29517.862 | J48: Schedule 6
A49: TOTAL PROPERTY TAXES | G49: =SUM(G40:G48) -> 3959299.5 | H49: =+I49-G49 -> 1204840.6 | I49: =SUM(I40:I48) -> 5164140.1

Sheet S6A Total Payroll by Function
A1: EXHIBIT: VEC-CCM 1
A2: SCHEDULE 6A (Summary of 6B)
A3: PAYROLL EXPENSE SUMMARY; C. MASHIA
C6: Test Year | D6: Pro Forma | E6: =+'S1 VEC Master Summary'!E4 -> ADJ Test Year
A7: ACCT | B7: PAYROLL DISTRIBUTION | C7: =+'S1 VEC Master Summary'!C5 -> 7/1/23-6/30/24 | D7: Adjustments | E7: =+'S1 VEC Master Summary'!E5 -> 2025 | F7: Adjustment Description
B8: TRANSMISSION | C8: 964969.1 | D8: =-C8+E8 -> 35973.527 | E8: 1000942.6 | F8: Schedule 3
B9: DISTRIBUTION OPERATION | C9: 3234474.5 | D9: =-C9+E9 -> 371087.29 | E9: 3605561.8 | F9: Schedule 4
B10: DISTRIBUTION MAINTENANCE | C10: 5346465.7 | D10: =-C10+E10 -> -180147.77 | E10: 5166318 | F10: Schedule 4
B11: CUSTOMER ACCOUNTS | C11: 1898963.3 | D11: =-C11+E11 -> 421324.42 | E11: 2320287.7 | F11: Schedule 5
B12: ADMINISTRATION & GENERAL | C12: =2763517.85839272 -> 2763517.9 | D12: =-C12+E12 -> 352381.35 | E12: 3115899.2 | F12: Schedule 6
B13: OTHER JOBBING; CONTRACT WORK | C13: 123550.9 | D13: =-C13+E13 -> -13578.964 | E13: 109971.94 | F13: Schedule 11
A14: TOTAL PAYROLL & OVERHEADS EXPENSED | C14: =SUM(C8:C13) -> 14331941 | D14: =-C14+E14 -> 987039.86 | E14: =SUM(E8:E13) -> 15318981
A15: TOTAL CAPITALIZED PAYROLL | C15: 5276562.2 | D15: =-C15+E15 -> 331080.38 | E15: 5607642.6
A16: TOTAL ALL PAYROLL & PAYROLL RELATED OH | C16: =+C14+C15 -> 19608504 | D16: =-C16+E16 -> 1318120.2 | E16: =+E14+E15 -> 20926624 | F16: Labor & Benefit Increases over Test Year
F17: See Cost Breakdown on Schedule 6B

Sheet S6B Total Payroll + Benefits
A1: EXHIBIT: VEC-CCM 1
A2: SCHEDULE 6B
A3: PAYROLL & BENEFITS SUPPORT; C. MASHIA
B7: Test Year | C7: Pro Forma | E7: ADJ Test Year
B8: ='S1 VEC Master Summary'!C5 -> 7/1/23-6/30/24 | C8: Adjustments | E8: =+'S1 VEC Master Summary'!E5 -> 2025
A9: Base Salary | B9: 11341130 | C9: =SUM(E9-B9) -> 1507275 | E9: 12848405
A10: Overtime | B10: 2715189.4 | C10: =SUM(E10-B10) -> -877787.15 | E10: 1837402.2
A11: Meal Allowance | B11: 82280 | C11: =SUM(E11-B11) -> -8183.515 | E11: 74096.485
A12: On-call | B12: 185761.66 | C12: =SUM(E12-B12) -> 9653.22 | E12: 195414.88
A13: Total Direct Compensation | B13: =SUM(B9:B12) -> 14324361 | C13: =SUM(E13-B13) -> 630957.56 | E13: =SUM(E9:E12) -> 14955318
A16: Health Benefits (net) | B16: 2016505 | C16: =SUM(E16-B16) -> 358598.5 | E16: 2375103.5
A17: 401(k) | B17: 597669.67 | C17: =SUM(E17-B17) -> 107886.89 | E17: 705556.56
A18: Pension | B18: 1146824.8 | C18: =SUM(E18-B18) -> 160676.01 | E18: 1307500.8
A19: Life | B19: 80601.23 | C19: =SUM(E19-B19) -> 2674.237 | E19: 83275.467
A20: LTD | B20: 109453.41 | C20: =SUM(E20-B20) -> 5908.3077 | E20: 115361.72
A21: EAP/BTA/BENE ADMIN FEES | B21: 53792.45 | C21: =SUM(E21-B21) -> -517.25834 | E21: 53275.192
A22: Total Benefits | B22: =SUM(B16:B21) -> 4004846.5 | C22: =SUM(C16:C21) -> 635226.68 | E22: =SUM(E16:E21) -> 4640073.2
A24: Workers Comp | B24: 193987.5 | C24: =SUM(E24-B24) -> 2343.9 | E24: 196331.4
A25: General Liability (25%) | B25: 45984 | C25: =SUM(E25-B25) -> -45984 | E25: 0 | F25: Schedule S7
A26: Payroll Tax | B26: 1039325 | C26: =SUM(E26-B26) -> 95575.87 | E26: 1134900.9
A27: Total Other Payroll Related Costs | B27: =SUM(B24:B26) -> 1279296.5 | C27: =SUM(E27-B27) -> 51935.77 | E27: =SUM(E24:E26) -> 1331232.3
A31: Total Payroll Costs | B31: =SUM(B13+B22+B27) -> 19608504 | C31: =SUM(E31-B31) -> 1318120 | E31: =SUM(E13+E22+E27) -> 20926624 | F31: ***
A33: *** 2025 Adj Test Year Costs Include: Labor Rate % Increase over 2024 based on neegotiated 2025 Union Contract.
A34: Higher Wages and related Pension & 401k Benefits over test year. Healthcare Benefits based on 2025 cost increases.
A35: 2.57% Vacancy Factor on Salary, Benefits & Other Payroll Related Costs
B38: =B31-'S6A Total Payroll by Function'!C16 -> -0.0044808611 | C38: =C31-'S6A Total Payroll by Function'!D16 -> -0.22533272 | E38: =E31-'S6A Total Payroll by Function'!E16 -> -0.22981358 | F38: doesn’t tie to schedule S6A

Sheet S7 - Insurance
A1: EXHIBIT: VEC-CCM 1
A2: SCHEDULE 7
A3: RISK INSURANCE SUPPORT; C. MASHIA
B6: Test Year | D6: Pro Forma | F6: ADJ Test Year
B7: =+'S1 VEC Master Summary'!C5 -> 7/1/23-6/30/24 | D7: Adjustments | F7: =+'S1 VEC Master Summary'!E5 -> 2025 | G7: Adjustment Description
A8: Insurance that follows payroll:
A9: General Liability see schedule S6B | B9: ='S6B Total Payroll + Benefits'!B25 -> 45984 | D9: =SUM(F9-B9) -> -45984 | F9: ='S6B Total Payroll + Benefits'!E25 -> 0 | G9: Ceased following Payroll Costs
G10: Effective 2024
A11: Insurance that does not follow payroll:
A12: General Liability | B12: 199494 | D12: =SUM(F12-B12) -> 84599 | F12: 284093
A13: Auto | B13: 28263 | D13: =SUM(F13-B13) -> 2698.4 | F13: 30961.4
A14: Directors & Officers | B14: 14830 | D14: =SUM(F14-B14) -> 375.4 | F14: 15205.4
A15: Total Insurance * | B15: =SUM(B12:B14) -> 242587 | D15: =SUM(F15-B15) -> 87672.8 | F15: =SUM(F12:F14) -> 330259.8 | G15: ***
A17: *** 8/2024 actual renewal costs through 8/1/2025.
B19: * Insurance Spread
B20: Test Year | D20: Pro Forma | F20: ADJ Test Year
A21: Insurance Distribution | B21: =+'S1 VEC Master Summary'!C5 -> 7/1/23-6/30/24 | D21: Adjustments | F21: =+'S1 VEC Master Summary'!E5 -> 2025
A22: Transmission | B22: 0 | D22: =+F22-B22 -> 0 | F22: 0
A23: Distribution Operation | B23: 68747.5 | D23: =+F23-B23 -> 27844.5 | F23: 96592 | G23: Schedule 4
A24: Distribution Maintenance | B24: 0 | D24: =+F24-B24 -> 0 | F24: 0
A25: Customer Accounts | B25: 0 | D25: =+F25-B25 -> 0 | F25: 0
A26: Adminstraction & General | B26: 84809 | D26: =+F26-B26 -> 32670 | F26: 117479 | G26: Schedule 6
A27: Total Insurance Expensed | B27: =SUM(B22:B26) -> 153556.5 | D27: =+F27-B27 -> 60514.5 | F27: =SUM(F22:F26) -> 214071
A28: Total Capitalzed & Clearing Insurance | B28: 89030.5 | D28: =+F28-B28 -> 27158 | F28: 116188.5
A29: Total Insurance Distribution | B29: =B28+B27 -> 242587 | D29: =+F29-B29 -> 87672.5 | F29: =F28+F27 -> 330259.5

Sheet S7A Information Technology
A1: EXHIBIT: VEC-CCM 1
A2: SCHEDULE 7A
A3: INFORMATION TECHNOLOGY SUPPORT; C. MASHIA
B6: Test Year | D6: Pro Forma | F6: ADJ Test Year
B7: =+'S1 VEC Master Summary'!C5 -> 7/1/23-6/30/24 | D7: Adjustments | F7: =+'S1 VEC Master Summary'!E5 -> 2025 | H7: Adjustment Description
A9: Computer Clearing | B9: =1109524.06-92421 -> 1017103.1 | D9: =+F9-B9 -> 217970.68 | F9: 1235073.7 | H9: See Note (1) below
A10: Communications Clearing | B10: 284495.61 | D10: =+F10-B10 -> 46412.98 | F10: 330908.59 | H10: See Note (2) below
A11: Contractor for Interim IT Manager | B11: 92421 | D11: =+F11-B11 -> -92421 | F11: 0 | H11: Interim IT manager ended 2024
A12: Total Information Technology * | B12: =SUM(B9:B11) -> 1394019.7 | D12: =SUM(F12-B12) -> 171962.66 | F12: =SUM(F9:F11) -> 1565982.3
B14: Information Technology Distribution
B16: Test Year | D16: Pro Forma | F16: ADJ Test Year
A17: Account | B17: =+B7 -> 7/1/23-6/30/24 | D17: Adjustments | F17: =+F7 -> 2025
A19: TOTAL CAPITALIZED & CLEARING | B19: 153626.75 | D19: =+F19-B19 -> 19516.91 | F19: 173143.66
B20: =SUM(B19:B19) -> 153626.75 | D20: =SUM(D19:D19) -> 19516.91 | F20: =SUM(F19:F19) -> 173143.66
A22: TRANSMISSION | B22: 55760.79 | D22: =+F22-B22 -> 6878.5032 | F22: 62639.293 | H22: Schedule 3
A23: DISTRIBUTION OPERATION | B23: 215077.45 | D23: =+F23-B23 -> 27323.678 | F23: 242401.13 | H23: Schedule 4
A24: DISTRIBUTION MAINTENANCE | B24: 54054.17 | D24: =+F24-B24 -> 8818.4629 | F24: 62872.633 | H24: Schedule 4
A25: CUSTOMER ACCOUNTS | B25: 589755.25 | D25: =+F25-B25 -> 70147.469 | F25: 659902.72 | H25: Schedule 5
A26: ADMINISTRATION & GENERAL | B26: 325745.27 | D26: =+F26-B26 -> 39277.625 | F26: 365022.9 | H26: Schedule 6
A27: Subtotal Operating Costs | B27: =SUM(B22:B26) -> 1240392.9 | D27: =+F27-B27 -> 152445.74 | F27: =SUM(F22:F26) -> 1392838.7
A29: Total Information Technology Costs | B29: =+B20+B27 -> 1394019.7 | D29: =+F29-B29 -> 171962.65 | F29: =+F20+F27 -> 1565982.3
A31: * (1) Computer Clearing - Includes Software Licenses & Support, Hosting Fees, Hardware and Software Maintenance Contracts, and System Monitoring
A32: New 6% VT Sales Tax on Cloud software and AMI and Outage Management Software along with Maintenance renewal increases.
A33: * (2) Communication Clearing - Includes Phone Software & Services, Field device upgrades, and other Communications Equipment and Support

Sheet S7B Transportation
A1: EXHIBIT: VEC-CCM 1
A2: SCHEDULE 7B
A3: TRANSPORTATION SUPPORT; C. MASHIA
B6: Test Year | D6: Pro Forma | F6: ADJ Test Year
B7: =+'S1 VEC Master Summary'!C5 -> 7/1/23-6/30/24 | D7: Adjustments | F7: =+'S1 VEC Master Summary'!E5 -> 2025 | H7: Adjustment Description
A9: Transportation Clearing Costs | B9: 1691137 | D9: =+F9-B9 -> 226398 | F9: =1917536-1 -> 1917535 | H9: See Note(1) below
B11: Transportation Distribution
B13: Test Year | D13: Pro Forma | F13: ADJ Test Year
A14: Account | B14: =+B7 -> 7/1/23-6/30/24 | D14: Adjustments | F14: =+F7 -> 2025
A16: TOTAL CAPITALIZED & CLEARING | B16: 853848 | D16: =+F16-B16 -> 120878 | F16: 974726
B17: =SUM(B16:B16) -> 853848 | D17: =SUM(D16:D16) -> 120878 | F17: =SUM(F16:F16) -> 974726
A19: TRANSMISSION | B19: 9817 | D19: =+F19-B19 -> 1599 | F19: 11416 | H19: Schedule 3
A20: DISTRIBUTION OPERATION | B20: 149148 | D20: =+F20-B20 -> 20333 | F20: 169481 | H20: Schedule 4
A21: DISTRIBUTION MAINTENANCE | B21: 631828 | D21: =+F21-B21 -> 77690 | F21: 709518 | H21: Schedule 4
A22: CUSTOMER ACCOUNTS | B22: 23954 | D22: =+F22-B22 -> 3167 | F22: 27121 | H22: Schedule 5
A23: ADMINISTRATION & GENERAL | B23: 8893 | D23: =+F23-B23 -> 1177 | F23: 10070 | H23: Schedule 6
A24: OTHER JOBBING; CONTRACT WORK | B24: 13649 | D24: =+F24-B24 -> 1554 | F24: 15203
A25: Subtotal Operating Costs | B25: =SUM(B19:B24) -> 837289 | D25: =+F25-B25 -> 105520 | F25: =SUM(F19:F24) -> 942809
A27: Total Transportation Costs | B27: =+B17+B25 -> 1691137 | D27: =+F27-B27 -> 226398 | F27: =+F17+F25 -> 1917535
A30: (1) Transportation Costs include all fleet costs including maintenance, repairs, fuel, registrations, and depreciation.
A31: Depreciation is driving an increase of $257,947 over test year primarily due to depreciation of $173,125 for 4 new bucket trucks.

Sheet S8 Deprec & Amort Exp 
A1: EXHIBIT: VEC-CCM 1
A2: SCHEDULE 8
A3: DEPRECIATION; C. MASHIA
A5: DEPRECIATION:
A7: Assumptions Used:
A8: Excludes Transportation, and New Services
C10: Test Year | D10: Pro Forma | E10: =+'S1 VEC Master Summary'!E4 -> ADJ Test Year
B11: Depreciation Expense | C11: =+'S1 VEC Master Summary'!C5 -> 7/1/23-6/30/24 | D11: Adjustments | E11: =+'S1 VEC Master Summary'!E5 -> 2025 | F11: Adjustment Description
B12: Depreciation Expense | C12: =+SUM('S12 Chart of Accts Trial Bal.'!C187:C194) -> 6606656.7 | D12: =+E12-C12 -> 228848.33 | E12: 6835505 | F12: Adjustment Calculated from (4) Components Below
A15: Component #1 (VEC Fixed Asset System - Existing Assets as of 8/31/24) | E15: Annual | F15: Adjustment Description
A16: Depreciation Expense for 2025 - Existing Assets in Fixed Asset System | E16: =7033809-575864 -> 6457945 | F16: Fixed Asset System Detailed Ledgers (Excludes Vehicles)
A19: Component #2 (Construction Work In Progress 8/31/24: Excludes Fleet and North Troy Battery Project) | F19: Adjustment Description
A20: Additions/Retirements (Expected Closing By Year-End):
F21: Retirements Assume the Following % for Mass Assets:
A22: Type of CWIP | B22: Total Additions to Plant in Svc | C22: Retirements | D22: Net Plant Added | E22: Depreciation | F22: Distribution = | G22: 0.247
A23: Distribution | B23: 5845821 | C23: =-B23*G22 -> -1443917.8 | D23: =+B23+C23 -> 4401903.2 | E23: =+D23*G27 -> 136459 | F23: Transmission = | G23: 0.283
A24: Transmission | B24: 205146 | C24: =-B24*G23 -> -58056.318 | D24: =+B24+C24 -> 147089.68 | E24: =+D24*G28 -> 3765.4959 | F24: General Plant = | G24: 0
A25: General Plant | B25: 21075 | C25: =-B25*G24 -> 0 | D25: =+B25+C25 -> 21075 | E25: =+D25*G29 -> 790.3125
A26: IT | B26: 30843 | C26: 0 | D26: =+B26+C26 -> 30843 | E26: =+D26*G30 -> 6168.6 | F26: Depreciation Rates (Annual):
A27: Total CWIP | B27: =SUM(B23:B26) -> 6102885 | C27: =SUM(C23:C26) -> -1501974.1 | D27: =SUM(D23:D26) -> 4600910.9 | E27: =SUM(E23:E26) -> 147183.41 | F27: Distribution = | G27: 0.031
F28: Transmission = | G28: 0.0256
F29: General Plant = | G29: 0.0375
F30: IT = | G30: 0.2
A32: Depreciation Expense Applicable to Net New Additions from CWIP on 8/31/24 | E32: =SUM(E23:E26)+8 -> 147191.41 | F32: Proforma Change
A34: Component #3 (2024 Forecasted Capital Expenses from 9/1/24 to 12/31/24)
A35: Additions/Retirements (Expected Closing By Year-End But Excludes Projected Y/E CWIP):
A37: Capital Forecasted | B37: Total Additions to Plant in Svc | C37: Retirements | D37: Net Plant Added | E37: Depreciation
A38: Distribution | B38: =3144948-4576099 -> -1431151 | C38: =-B38*G22 -> 353494.3 | D38: =+B38+C38 -> -1077656.7 | E38: =+D38*G27 -> -33407.358 | F38: This includes deduction for projected year end CWIP balance
A39: Transmission | B39: 0 | C39: =-B39*G23 -> 0 | D39: =+B39+C39 -> 0 | E39: =+D39*G28 -> 0
A40: General Plant | B40: 171778 | C40: =-B40*G24 -> 0 | D40: =+B40+C40 -> 171778 | E40: =+D40*G29 -> 6441.675
A41: IT | B41: 264575 | C41: 0 | D41: =+B41+C41 -> 264575 | E41: =+D41*G30 -> 52915
A42: Total Change In Plant | B42: =SUM(B38:B41) -> -994798 | C42: =SUM(C38:C41) -> 353494.3 | D42: =SUM(D38:D41) -> -641303.7 | E42: =SUM(E38:E41) -> 25949.317
A44: Depreciation Expense Applicable to Net New Additions from 2024 | E44: =+E42 -> 25949.317 | F44: Proforma Change
A46: Component #4 (2025 Capital Budget Spend - From VEC IRP)
A47: Additions/Retirements (Excludes Vehicles, Special Projects, CWIP for 2024 and Depreciation of 1/2 Year for Distr)
A49: Capital Forecasted | B49: Total Additions to Plant in Svc | C49: Retirements | D49: Net Plant Added | E49: Depreciation
A50: Distribution | B50: 5429975 | C50: =-B50*G22 -> -1341203.8 | D50: =+B50+C50 -> 4088771.2 | E50: =+(D50*G27)/2 -> 63375.953
A51: Transmission | B51: 182800 | C51: =-B51*G23 -> -51732.4 | D51: =+B51+C51 -> 131067.6 | E51: =+(D51*G28) -> 3355.3306
A52: General Plant | B52: 165000 | C52: =-B52*G24 -> 0 | D52: =+B52+C52 -> 165000 | E52: =+(D52*G29) -> 6187.5
A53: IT | B53: 220000 | C53: 0 | D53: =+B53+C53 -> 220000 | E53: =+(D53*G30) -> 44000
A54: Total Change In Plant | B54: =SUM(B50:B53) -> 5997775 | C54: =SUM(C50:C53) -> -1392936.2 | D54: =SUM(D50:D53) -> 4604838.8 | E54: =SUM(E50:E53) -> 116918.78
A56: Depreciation Expense Applicable to Net New Additions from 2025 Capital Budget (1/2 Year Only) | E56: =+E54 -> 116918.78
A58: Component #5 (Special Projects- North Troy)
A60: Capital Forecasted | B60: Total Additions to Plant in Svc | C60: Retirements | D60: Net Plant Added | E60: Depreciation
A61: Distribution | B61: 1750000 | C61: 0 | D61: =+B61+C61 -> 1750000 | E61: =(D61/20)/(12)*12 -> 87500
A63: Depreciation Expense Applicable to Special Projects in 2025 | E63: =+E61 -> 87500
A65: Total Depreciation for Adjusted Test Year | E65: =+E16+E32+E44+E56+E63 -> 6835504.5 | F65: Sum of Components #1 - #5
A67: AMORTIZATION:
C68: =+C10 -> Test Year | D68: Pro Forma | E68: =+E10 -> ADJ Test Year
A69: ACCT | B69: Amortization Expense | C69: =+C11 -> 7/1/23-6/30/24 | D69: Adjustments | E69: =+E11 -> 2025
A70: =+'S12 Chart of Accts Trial Bal.'!A195 -> 428 | B70: =+'S12 Chart of Accts Trial Bal.'!B195 -> AMORTIZATION OF DEFERRED CHARGES | C70: =+'S12 Chart of Accts Trial Bal.'!C195 -> -1.68 | D70: =+E70-C70 -> 1.68 | E70: 0 | F70: Adjustment Description
B71: Total | C71: =SUM(C70:C70) -> -1.68 | D71: =SUM(D70:D70) -> 1.68 | E71: =SUM(E70:E70) -> 0 | F71: End of Amortization Liability on June 30, 2023

Sheet S9 Interest Exp
A1: EXHIBIT: VEC-CCM 1
A2: SCHEDULE 9
A3: INTEREST EXPENSE ON DEBT; C.MASHIA
C6: Test Year | D6: Pro Forma | E6: =+'S1 VEC Master Summary'!E4 -> ADJ Test Year
A7: ACCT | B7: INTEREST ON LONG TERM DEBT | C7: =+'S1 VEC Master Summary'!C5 -> 7/1/23-6/30/24 | D7: Adjustments | E7: =+'S1 VEC Master Summary'!E5 -> 2025 | F7: Adjustment Description
A9: 427.12 | B9: =+'S12 Chart of Accts Trial Bal.'!B213 -> INTEREST-COBANK (2002 BOND) | C9: =+'S12 Chart of Accts Trial Bal.'!C213 -> 26908.21 | D9: =+E9-C9 -> -9563.21 | E9: 17345 | F9: Amortization Schedule
A10: 427.13 | B10: =+'S12 Chart of Accts Trial Bal.'!B214 -> INTEREST-COBANK (2003 A BOND) | C10: =+'S12 Chart of Accts Trial Bal.'!C214 -> 29710.81 | D10: =+E10-C10 -> -8792.81 | E10: 20918 | F10: Amortization Schedule
A11: 427.14 | B11: =+'S12 Chart of Accts Trial Bal.'!B215 -> INTEREST-COBANK (2003 B BOND) | C11: =+'S12 Chart of Accts Trial Bal.'!C215 -> 214.62 | D11: =+E11-C11 -> -214.62 | E11: 0 | F11: Amortization Schedule
A12: 427.15 | B12: =+'S12 Chart of Accts Trial Bal.'!B216 -> INTEREST-CFC (2004 A BOND) | C12: =+'S12 Chart of Accts Trial Bal.'!C216 -> 636246.25 | D12: =+E12-C12 -> -53322.25 | E12: 582924 | F12: Amortization Schedule
A13: 427.16 | B13: =+'S12 Chart of Accts Trial Bal.'!B217 -> INTEREST-CFC (2005 A BOND) | C13: =+'S12 Chart of Accts Trial Bal.'!C217 -> 81604.27 | D13: =+E13-C13 -> -14616.27 | E13: 66988 | F13: Amortization Schedule
A14: 427.17 | B14: =+'S12 Chart of Accts Trial Bal.'!B218 -> INTEREST-CFC (2006 A BOND) | C14: =+'S12 Chart of Accts Trial Bal.'!C218 -> 149994.49 | D14: =+E14-C14 -> -7569.49 | E14: 142425 | F14: Amortization Schedule
A15: 427.18 | B15: =+'S12 Chart of Accts Trial Bal.'!B219 -> INTEREST-COBANK (2008 B BOND) | C15: =+'S12 Chart of Accts Trial Bal.'!C219 -> 47712.15 | D15: =+E15-C15 -> -4848.15 | E15: 42864 | F15: Amortization Schedule
A16: 427.19 | B16: =+'S12 Chart of Accts Trial Bal.'!B220 -> INTEREST - COBANK 2009 A BOND | C16: =+'S12 Chart of Accts Trial Bal.'!C220 -> 128947.88 | D16: =+E16-C16 -> 4799.12 | E16: 133747 | F16: Amortization Schedule
A17: 427.01 | B17: =+'S12 Chart of Accts Trial Bal.'!B202 -> INTEREST - FARMER MAC 2010 A BOND | C17: =+'S12 Chart of Accts Trial Bal.'!C202 -> 207404.26 | D17: =+E17-C17 -> -89344.26 | E17: 118060 | F17: Amortization Schedule
A18: 427.02 | B18: =+'S12 Chart of Accts Trial Bal.'!B203 -> INTEREST - COBANK 2012 A BOND | C18: =+'S12 Chart of Accts Trial Bal.'!C203 -> 129710.47 | D18: =+E18-C18 -> -19924.47 | E18: 109786 | F18: Amortization Schedule
A19: 427.03 | B19: =+'S12 Chart of Accts Trial Bal.'!B204 -> INTEREST - COBANK 2012 B BOND | C19: =+'S12 Chart of Accts Trial Bal.'!C204 -> 40655.54 | D19: =+E19-C19 -> -14077.54 | E19: 26578 | F19: Amortization Schedule
A20: 427.04 | B20: =+'S12 Chart of Accts Trial Bal.'!B205 -> INTEREST - COBANK 2013 A BOND | C20: =+'S12 Chart of Accts Trial Bal.'!C205 -> 115849.03 | D20: =+E20-C20 -> -15097.03 | E20: 100752 | F20: Amortization Schedule
A21: 427.05 | B21: =+'S12 Chart of Accts Trial Bal.'!B206 -> INTEREST - COBANK 2014 A BOND | C21: =+'S12 Chart of Accts Trial Bal.'!C206 -> 281266.21 | D21: =+E21-C21 -> -33024.21 | E21: 248242 | F21: Amortization Schedule
A22: 427.06 | B22: =+'S12 Chart of Accts Trial Bal.'!B207 -> INTEREST - COBANK 2016 A BOND | C22: =+'S12 Chart of Accts Trial Bal.'!C207 -> 236908.99 | D22: =+E22-C22 -> 226681.01 | E22: 463590 | F22: Amortization Schedule
A23: 427.07 | B23: =+'S12 Chart of Accts Trial Bal.'!B208 -> INTEREST - CFC 2016 B BOND | C23: =+'S12 Chart of Accts Trial Bal.'!C208 -> 328976.02 | D23: =+E23-C23 -> -8521.02 | E23: 320455 | F23: Amortization Schedule
A24: 427.08 | B24: =+'S12 Chart of Accts Trial Bal.'!B209 -> INTEREST - CFC 2017 A BOND | C24: =+'S12 Chart of Accts Trial Bal.'!C209 -> 269940.7 | D24: =+E24-C24 -> -18671.7 | E24: 251269 | F24: Amortization Schedule
A25: 427.09 | B25: =+'S12 Chart of Accts Trial Bal.'!B210 -> INTEREST - 2019 A BOND | C25: =+'S12 Chart of Accts Trial Bal.'!C210 -> 233001.99 | D25: =+E25-C25 -> -5689.99 | E25: 227312 | F25: Amortization Schedule
A26: 427.1 | B26: =+'S12 Chart of Accts Trial Bal.'!B211 -> INTEREST - 2020 A BOND | C26: =+'S12 Chart of Accts Trial Bal.'!C211 -> 145170.12 | D26: =+E26-C26 -> -8262.12 | E26: 136908 | F26: Amortization Schedule
A27: 427.11 | B27: INTEREST - COBANK 2022 BOND | C27: =+'S12 Chart of Accts Trial Bal.'!C212 -> 229110.77 | D27: =+E27-C27 -> -7393.77 | E27: 221717 | F27: Amortization Schedule
A28: 427.21 | B28: =+'S12 Chart of Accts Trial Bal.'!B222 -> INTEREST - CFC 2022 BOND | C28: =+'S12 Chart of Accts Trial Bal.'!C222 -> 186130.02 | D28: =+E28-C28 -> -3785.02 | E28: 182345 | F28: Amortization Schedule
A29: 427.22 | B29: INTEREST - CFC 2023 BONDS | C29: =+'S12 Chart of Accts Trial Bal.'!C223 -> 584444.08 | D29: =+E29-C29 -> -13900.08 | E29: 570544 | F29: Amortization Schedule
A30: 427.24 | B30: INTEREST - COBANK 2024 A BOND | C30: ='S12 Chart of Accts Trial Bal.'!C224 -> 51988.34 | D30: =+E30-C30 -> 294612.66 | E30: 346601 | F30: 2024 $6M Draw
A31: 427.5 | B31: INTEREST - 2024 B BOND | C31: =+'S12 Chart of Accts Trial Bal.'!C225 -> -0.03 | D31: =+E31-C31 -> 319591.03 | E31: 319591 | F31: Q4 2024 $6M Draw
B32: TOTAL INTEREST ON LONG TERM DEBT | C32: =SUM(C9:C31) -> 4141895.2 | D32: =SUM(D9:D31) -> 509065.81 | E32: =SUM(E9:E31) -> 4650961
C34: Test Year | D34: Pro Forma | E34: =+'S1 VEC Master Summary'!E4 -> ADJ Test Year
A35: ACCT | B35: INTEREST ON SHORT TERM DEBT | C35: =+'S1 VEC Master Summary'!C5 -> 7/1/23-6/30/24 | D35: Adjustments | E35: =+'S1 VEC Master Summary'!E5 -> 2025 | F35: Adjustment Description
A36: 431 + 431.2 | B36: INTEREST - LINE OF CREDIT & DEPOSITS | C36: =+'S12 Chart of Accts Trial Bal.'!C228 -> 670668.47 | D36: =E36-C36 -> 245387.53 | E36: 916056 | F36: Workpaper Available
F37: Security Deposit Int Expense $29,879
F38: LOC Interest $886,177
B40: 2.0 TIER Revenue Adjustment | D40: =+D32+D36 -> 754453.34

Sheet S10 Int, Div, Capital Income
A1: EXHIBIT: VEC-CCM 1
A2: SCHEDULE 10
A3: INTEREST & DIVIDEND INCOME; C.MASHIA
A4: OTHER INCOME
D6: Test Year | E6: Pro Forma | F6: =+'S1 VEC Master Summary'!E4 -> ADJ Test Year
A7: ACCT | B7: INTEREST & DIVIDENDS | D7: =+'S1 VEC Master Summary'!C5 -> 7/1/23-6/30/24 | E7: Adjustments | F7: =+'S1 VEC Master Summary'!E5 -> 2025 | H7: Adjustment Description
A8: 419 | B8: Dividend & Interest Income
B9: TRANSCO Shares | D9: 5266272.7 | E9: =+F9-D9 -> 522945.46 | F9: 5789218.2 | H9: VEC Purchases of TRANSCO Stock
B10: Velco Shares Pre-TRANSCO | D10: 194014.73 | E10: =+F10-D10 -> -174.75 | F10: 193839.98 | H10: Velco Preferred, Class B, & Class C Units
B11: Daily Sweep Investments + CRC | D11: 30806.41 | E11: =+F11-D11 -> 0 | F11: 30806.41 | H11: General Fund Investment Sweep - No Change Expected
B12: TRANSCO Non-Utility Operations Income | D12: 133498.3 | E12: =+F12-D12 -> 0 | F12: 133498.3 | H12: Proceeds from TRANSCO. No Change is Expected in Income from Non-Utility Operations
B13: CFC Subordinate Certificates (SCTC) | D13: 30798.73 | E13: =+F13-D13 -> 0 | F13: 30798.73 | H13: No Change Expected
B14: TOTAL INTEREST & DIVIDENDS | D14: =SUM(D9:D13) -> 5655390.9 | E14: =SUM(E9:E13) -> 522770.71 | F14: =SUM(F9:F13) -> 6178161.6
D17: Test Year | E17: Pro Forma | F17: =+'S1 VEC Master Summary'!E4 -> ADJ Test Year
A18: ACCT | B18: OTHER PATRONAGE CAPITAL CREDITS | D18: =+'S1 VEC Master Summary'!C5 -> 7/1/23-6/30/24 | E18: Adjustments | F18: =+'S1 VEC Master Summary'!E5 -> 2025
B19: Other Capital Credits
A20: 424 | B20: CFC Return of Patronage - Cash | D20: 79430 | E20: =+F20-D20 -> 0 | F20: 79430 | H20: Dependent on CFC Earnings Used TY
A21: 424 | B21: CFC Patronage Capital - Equity | D21: 79430 | E21: =+F21-D21 -> 0 | F21: 79430 | H21: Non-Cash Equity is excluded from TIER by covenants
A22: 424.02 | B22: United Utility Supply Return of Patronage - Cash | D22: 2103 | E22: =+F22-D22 -> 0 | F22: 2103 | H22: Dependent on United Utility Supply Earnings; Used TY
A23: 424.02 | B23: United Utility Supply Return of Patronage - Equity | D23: 0 | E23: =+F23-D23 -> 0 | F23: 0 | H23: Non-Cash Equity is excluded from TIER by covenants
A24: 424.03 | B24: CoBank Return of Patronage - Cash | D24: 252135 | E24: =+F24-D24 -> 0 | F24: 252135 | H24: Dependent on CoBank Earnings Used TY
A25: 424.03 | B25: CoBank Patronage Capital - Equity | D25: 134472 | E25: =+F25-D25 -> 0 | F25: 134472 | H25: Non-Cash Equity is excluded from TIER by covenants
A26: 424.04 | B26: NISC Return of Patronage - Cash | D26: 4193 | E26: =+F26-D26 -> 0 | F26: 4193 | H26: Dependent on NISC Earnings; Used TY
A27: 424.04 | B27: NISC Patronage Capital - Equity | D27: 9731 | E27: =+F27-D27 -> 0 | F27: 9731 | H27: Non-Cash Equity is excluded from TIER by covenants
A28: 424.05 | B28: CRC Return of Patronage - Cash | D28: 0 | E28: =+F28-D28 -> 180 | F28: 180 | H28: Dependent on CRC Earnings - Used 9/2024 pmt
A29: 424.05 | B29: CRC Patronage Capital - Equity | D29: 0 | E29: =+F29-D29 -> 0 | F29: 0 | H29: Non-Cash Equity is excluded from TIER by covenants
A30: 424.06 | B30: Federated Return of Patronage - Cash | D30: 1483 | E30: =+F30-D30 -> 0 | F30: 1483 | H30: Dependent on Federated Earnings; Used TY
A31: 424.06 | B31: Federated Patronage Capital - Equity | D31: 8023 | E31: =+F31-D31 -> 0 | F31: 8023 | H31: Non-Cash Equity is excluded from TIER by covenants
B32: TOTAL PATRONAGE CAPITAL | D32: =SUM(D20:D31) -> 571000 | E32: =+F32-D32 -> 180 | F32: =SUM(F20:F31) -> 571180

Sheet S11 Revenues & Non-Op Margins
A1: EXHIBIT: VEC-CCM 1
A2: SCHEDULE 11
A3: REVENUES & NON-OPERATING MARGINS; K.AUDETTE & C.MASHIA
C6: Test Year | D6: Pro Forma | E6: =+'S1 VEC Master Summary'!E4 -> ADJ Test Year
A7: ACCT | B7: DESCRIPTION | C7: =+'S1 VEC Master Summary'!C5 -> 7/1/23-6/30/24 | D7: Adjustments | E7: =+'S1 VEC Master Summary'!E5 -> 2025 | F7: Adjustment Description
A8: REVENUES & EXPENSES
A9: VARIOUS | B9: PROFORMA LABOR + BENEFIT COST | C9: =+'S6A Total Payroll by Function'!C13 -> 123550.9 | D9: =+E9-C9 -> -13578.964 | E9: =+'S6A Total Payroll by Function'!E13 -> 109971.94 | F9: Schedule S6-A
A10: VARIOUS | B10: PROFORMA TRANSPORTATION COST | C10: ='S7B Transportation'!B24 -> 13649 | D10: =+E10-C10 -> 1554 | E10: ='S7B Transportation'!F24 -> 15203 | F10: Schedule S7-B
A12: REVENUE & NON-OPERATING MARGINS:
A13: 440.01 - 445.00 | B13: RETAIL REVENUES | C13: =-SUM('S12 Chart of Accts Trial Bal.'!C6:C12) -> -90275577 | D13: =+E13-C13 -> -2979041.1 | E13: -93254618 | F13: 2023 Billed Test Year Adjusted for 2024 8.33% Rate Increase less Leap Day
A14: 451 | B14: MISC SERVICES REVENUES | C14: =-'[2]S12 - Chart of Accts Trial Bal.'!C14 -> -578137.78 | D14: =+E14-C14 -> 89454.78 | E14: -488683 | F14: Decrease in Billable Tariff Services Expected (Disconnect Fees)
A15: 456.00 & 456.40 | B15: OTHER ELECTRIC REVENUES | C15: =-SUM('[2]S12 - Chart of Accts Trial Bal.'!C17:C18) -> -1906363.6 | D15: =+E15-C15 -> 96334.64 | E15: -1810029 | F15: Transmission Wheeling Services (See Detailed Schedule Below)
A16: 421 | B16: MISC NON_OPERATING REVENUES (PPP) | C16: =+'[2]S12 - Chart of Accts Trial Bal.'!C275 -> -694299.98 | D16: =+E16-C16 -> 694299.98 | E16: 0 | F16: Remainder of PPP Funding Used in 2023
A17: TOTAL OTHER REVENUES | C17: =SUM(C13:C16) -> -93454378 | D17: =SUM(D13:D16) -> -2098951.7 | E17: =SUM(E13:E16) -> -95553330
A19: TOTAL OTHER REVENUES & EXPENSES | C19: =+C17+C9+C10 -> -93317178 | D19: =+D17+D9+D10 -> -2110976.6 | E19: =+E17+E9+E10 -> -95428155
A21: Detailed Schedule of Transmission For Others (FERC Acct 456)
C22: Test Year | D22: Pro Forma | E22: ADJ Test Year
C23: =+C7 -> 7/1/23-6/30/24 | D23: Adjustments | E23: =+E7 -> 2025
A24: Belvidere - PUC - VEC Sch. SC 803 | B24: GMP | C24: -16547 | D24: =E24-C24 -> 0 | E24: -16547 | F24: SC 803 rate effective July 1, 2024 increased
A25: OATT Sch 21--VEC No. 8 | B25: Enosburg | C25: -172722 | D25: =E25-C25 -> 11285 | E25: -161437 | F25: Sch 21 rates effective July 1, 2024 decreased
A26: OATT Sch 21--VEC No. 8 | B26: VEPPI | C26: -320197 | D26: =E26-C26 -> 20800 | E26: -299397 | F26: Sch 21 rates effective July 1, 2024 decreased
A27: OATT Sch 21--VEC No. 10 | B27: GMP | C27: =-214306-6198 -> -220504 | D27: =E27-C27 -> -8766 | E27: -229270 | F27: Sch 21 rates effective July 1, 2024 decreased
A28: OATT Sch 21--VEC No. 8 | B28: Patriot Hydro | C28: -956530 | D28: =E28-C28 -> 77363 | E28: -879167 | F28: Sch 21 rates effective July 1, 2024 decreased
A29: OATT Sch 20A-VEC | B29: HQ | C29: -138350 | D29: =E29-C29 -> -11067 | E29: -149417 | F29: Sch 20A rate increased effective July 1, 2024
A30: Phase I/II AC Support Facilities PTF | B30: AC Support (PTF) | C30: -28055 | D30: =E30-C30 -> -2445 | E30: -30500
A31: 456.00 OTHER ELECTRIC REVENUES | C31: =SUM(C24:C30) -> -1852905 | D31: =SUM(D24:D30) -> 87170 | E31: =SUM(E24:E30) -> -1765735
A33: 456.40 Phase II Vermont DMNRC | C33: -53459 | D33: =E33-C33 -> 9165 | E33: -44294
A34: Total Acct # 456.XX | C34: =C31+C33 -> -1906364 | D34: =+D31+D33 -> 96335 | E34: =E31+E33 -> -1810029

Sheet S12 Chart of Accts Trial Bal.
A1: EXHIBIT: VEC-CCM 1
A2: SCHEDULE 12
A3: CHART OF ACCOUNTS TRIAL BALANCE | C3: Test Year
C4: 7/1/23-6/30/24
A5: G/L # | B5: G/L No. Description | C5: Balance
A6: 440.01 | B6: REVENUE UNBILLED EOY - CLEARING | C6: 327869
A7: 440.1 | B7: SALES - RURAL RESIDENTIAL | C7: 53835198
A8: 440.2 | B8: SALES - RESIDENTIAL SEAS | C8: 0
A9: 442.1 | B9: SALES - COMMERCIAL / GENERAL | C9: 19838718
A10: 442.2 | B10: SALES - INDUSTRIAL | C10: 12738249
A11: 444 | B11: SALES - PUBLIC STREET LIGHTING | C11: 359729.51
A12: 445 | B12: SALES - PUBLIC BUILDINGS | C12: 3175813.2
A13: 447.2 | B13: SALES FOR RESALE - OTHER | C13: 1504955.5
A14: 451 | B14: MISC SERVICES REVENUES | C14: 578137.78
A15: 454 | B15: RENT FROM ELECTRIC PROPERTY | C15: 415062.77
A16: 454.01 | B16: RENT FROM ELECTRIC PROPERTY-CCI AGREE. | C16: 0
A17: 456 | B17: OTHER ELECTRIC REVENUES | C17: 1846448.6
... A19: 459 | B19: RENEWABLE ENERGY CREDITS | C19: 4728766
B20: Operating Revenue | C20: =SUM(C6:C19) -> 99408863
A22: 546 | B22: OTHER POWER GEN-OPER SUPV/ENGR | C22: 0
A23: 548 | B23: OTHER POWER GENERATION EXP | C23: 0
A24: 548.99 | B24: OTHER POWER GEN EXP-PROP TAX | C24: 0
A25: 549 | B25: MISC OTHER POWER GENERATION EXP | C25: 0
B26: Power Production Expense | C26: 0
A28: 555 | B28: PURCHASED POWER | C28: 45257491
A29: 555.1 | B29: HYDRO QUEBEC DISALLOWANCE | C29: 0
A30: 556 | B30: LOAD DISPATCHING | C30: 0
A31: 557 | B31: OTHER EXPENSES-POWER | C31: 64627.7
A32: 557.01 | B32: PURCHASED POWER - COMMUNITY SOLAR | C32: 77886.44
A33: 558 | B33: PURCHASED POWER - CLEARING | C33: 0
A34: 559 | B34: RENEWABLE ENERGY CREDITS EXPENSES | C34: 51920.32
B35: Power Production Expense | C35: =SUM(C28:C34) -> 45451925
A37: 560 | B37: TRANS SUPERVISION - OPER / ENGR | C37: 100964.47
A38: 560.12 | B38: TRANS SUPERVISION - OPER (KCW-GMP) | C38: 0
A39: 561 | B39: TRANSMISSION-LOAD DISPATCHING | C39: 730560.08
A40: 561.01 | B40: TRANSMISSION-LOAD DISPATCHING-SCADA | C40: 172352.1
A41: 562 | B41: TRANSMISSION SUBSTATION - OPERATION | C41: 66114.2
A42: 562.12 | B42: TRANSMISSION SUBSTATION-OPER (KCW-GMP) | C42: 8204.16
A43: 563 | B43: OVERHEAD LINE EXPENSE - TRANSM | C43: 20004.71
A44: 563.12 | B44: OVHD LINE EXP-TRANS-OPER (KCW-GMP) | C44: 1311.46
A45: 563.99 | B45: O/H LINE EXP-TRANSM - PROP TAX | C45: 292297.79
A46: 565 | B46: TRANSMISSION BY OTHERS | C46: 14252777
A47: 565.1 | B47: TRANSM. BY OTHERS-CZN TARIFF | C47: 536738.91
A48: 565.3 | B48: TRANSM. BY OTHERS-HIGHGATE | C48: 0
... A61: 571.3 | B61: MTC TX LINES-BARTON/ORLEANS ROW | C61: 109314.93
B62: Transmission Expense | C62: =SUM(C37:C61) -> 16686143
B64: Gross Margin | C64: =+C20-C35-C62 -> 37270795
A66: 580 | B66: DIST SUPERVISION - OPER / ENGR | C66: 338420.11
A67: 580.1 | B67: OPER & ENGR-TERRITORY ANALYSIS | C67: 0
A68: 581 | B68: DISTRIBUTION-LOAD DISPATCHING | C68: 756825.97
A69: 581.01 | B69: DISTRIBUTION-LOAD DISPATCHING-SCADA | C69: 182915.58
A70: 582 | B70: DISTRIBUTION SUBSTATION - OPERATION | C70: 306856.1
A71: 582.1 | B71: DIST-INCIDENT INVESTIGATION | C71: 0
A72: 582.99 | B72: STATION EXP - PROPERTY TAX | C72: 379591.19
A73: 583 | B73: OVERHEAD LINE EXPENSE | C73: 1454339.9
A74: 583.01 | B74: US DOT REGULATIONS | C74: 3318.44
A75: 583.02 | B75: US DOT REGULATIONS-HR RESEARCH | C75: 8705
A76: 583.1 | B76: DISTRIBUTION - INCIDENT INVESTIGATION | C76: 0
A77: 583.99 | B77: O/H LINE EXPENSE - PROPERTY TAX | C77: 3144022.6
... A94: 589 | B94: RENTS | C94: 26503.49
B95: Distribution Expense - Operations | C95: =SUM(C66:C94) -> 7660257.9
A97: 590 | B97: SUPV-ENGR MAINT DISTRIBUTION | C97: 207315.93
A98: 592 | B98: MAINT DISTRIBUTION STATION EQUIP | C98: 551261.98
A99: 592.01 | B99: MAINT DISTRIBUTION SUBSTATION-SCADA | C99: 37045.87
A100: 592.2 | B100: MAINT - AMI SUBSTATION MAINTENANCE | C100: 2728.12
A101: 593 | B101: MAINT OVERHEAD LINES | C101: 1786305.8
A102: 593.1 | B102: MAINT OVERHEAD LINES ROW | C102: 4478584.2
A103: 593.11 | B103: VEGETATIVE MTCE DANGER TREE REM. | C103: 736497.58
A104: 593.12 | B104: MAINT LINES ROW - BILLING | C104: -593481.25
A105: 593.2 | B105: MAINT MAJOR STORMS NORTH | C105: 1344187.9
A106: 593.21 | B106: MAINT-2011 SPRING FLOODING (D/C & R/C) | C106: 0
A107: 593.3 | B107: MAINTENANCE - OUTAGE RESTORATION | C107: 2583333.1
A108: 593.88 | B108: MAINT TRANSFORMER NUMBERING | C108: 0
... A115: 598.2 | B115: MAINT RADIO CONTROLS | C115: 0
B116: Distribution Expense - Maintenance | C116: =SUM(C97:C115) -> 11226675
A118: 902 | B118: METER READING EXPENSES | C118: 39857.51
A119: 903 | B119: CUSTOMER RECORDS EXPENSE | C119: 1955139.3
A120: 903.04 | B120: CUSTOMER DISC & COLLECTION EXP | C120: 577735.8
A121: 903.1 | B121: CUSTOMER EXP - CASH DIFFERENCE | C121: 0
A122: 903.2 | B122: CUST EXP - SQRP ADMINISTRATION | C122: 107589.09
A123: 903.3 | B123: Cust Exp – Patronage Capital | C123: 38860.47
A124: 903.99 | B124: CUST RECORDS EXP - PROPERTY TA | C124: 11620.16
A125: 904 | B125: UNCOLLECTABLE ACCOUNTS | C125: 132598
A126: 904.1 | B126: UNCOLLECTABLE ACCT-POLE ATTACHMENTS | C126: 0
A127: 905 | B127: MISC CUSTOMER A/C'S EXPENSE | C127: 0
A128: 908 | B128: CUSTOMER ASSISTANCE / COMMUNICATION EXP | C128: 143619.75
B129: Customer Accounts Expense | C129: =SUM(C118:C128) -> 3007020.1
A131: 912 | B131: DEMONSTRATING & SELLING EXP | C131: 135360.18
B132: Sales Expense | C132: =SUM(C131) -> 135360.18
A134: 920 | B134: ADMIN & GENERAL SALARIES | C134: 1323717.3
A135: 920.04 | B135: MICROGRAPHICS EXPENSE | C135: 5159.7
A136: 920.1 | B136: DSM-EEU COORDINATION | C136: 0
A137: 920.2 | B137: HUMAN RESOURCE | C137: 411963.27
A138: 920.3 | B138: ADMIN & GENERAL - RATES | C138: 0
A139: 920.9 | B139: EMPLOYEE BUYOUT / SEVERANCE EXP | C139: 33111.42
A140: 921 | B140: OFFICE SUPPLIES & EXPENSE | C140: 869789.57
A141: 923 | B141: OUTSIDE SERVICES EMP | C141: 99924.39
A142: 925 | B142: INJURIES & DAMAGES | C142: 60767.88
A143: 925.01 | B143: SAFETY PROGRAM ADMINISTRATIVE | C143: 364890.46
A144: 925.02 | B144: SAFETY, HAZ MAT RELATED EXP | C144: 0
...

Sheet S14 Financial Ratio Analysis
A1: EXHIBIT: VEC-CCM 1
A2: SCHEDULE 14
A4: FINANCIAL RATIO ANALYSIS; C. MASHIA
A6: Times Interest Earned Ratio (MTIER)
E8: VEC
E9: Proposed
A10: Description of Financial Category | E10: Rates | G10: Adjustment Description
A11: A.) Net Income Needed (After Adjusting Non-Cash Patronage) | E11: =+'S1 VEC Master Summary'!E35 -> 5567017 | G11: Schedule 1, Line 30
A13: B.) Interest Expense | E13: =+'S1 VEC Master Summary'!E19+'S1 VEC Master Summary'!E20 -> 5567017 | G13: Schedule 1, Lines 14 & 15
A15: C.) Net Income Excluding Interest Expense | E15: =SUM(E11:E14) -> 11134034 | G15: (A + B)
A17: D.) Tier Calculation C/B | E17: =+E15/E13 -> 2 | G17: (C / B)
A19: References/Requirements:
A20: 2023 CFC Key Ratio Trend Analaysis (KRTA): | D20: U.S. Median = 2.73; Consumer Size = 2.10
A21: VEC Mortgage Indenture: | C21: Must Maintain Annual TIER of not less than 1.5
A22: VEC's MTIER Levels Approved in 2019 Rate Case/Effective 1/1/20 = 2.00
A24: Debt Service Coverage Ratio (MDSC)
E26: VEC
E27: Proposed
A28: Description of Financial Category | E28: Rates | G28: Adjustment Description
A29: A.) Net Income Needed | E29: =+E11 -> 5567017 | G29: Schedule 1, Line 30
A31: B.) Interest Expense | E31: =+E13 -> 5567017 | G31: Schedule 1, Lines 14 & 15
A33: C.) Depreciation & Amortization | E33: =+'S1 VEC Master Summary'!E15+'S1 VEC Master Summary'!E16 -> 6835505 | G33: Schedule 1, Lines 10 & 11
A35: D.) SubTotal | E35: =SUM(E29:E33) -> 17969539 | G35: (A + B + C)
A37: E.) Debt Service Payments | E37: 11302653 | G37: Amortization Schedules
A39: F.) DSC Calculation | E39: =+E35/E37 -> 1.5898514 | G39: (D / E)
A41: References/Requirements:
A42: =+A20 -> 2023 CFC Key Ratio Trend Analaysis (KRTA): | D42: U.S. Median = 1.89; Consumer Size = 1.73
A43: VEC Mortgage Indenture: | C43: Must Maintain Annual DSC of not less than 1.25
A44: CoBank Loan Agreement: | C44: Must Maintain Annual DSC of not less than 1.35
A45: CFC Loan Agreement: | C45: Three Year Average DSC of Not Less Than 1.35
A47: Equity to Assets Ratio
E49: VEC
D50: 45291 | E50: Proposed
A51: Description of Financial Category | D51: Actual | E51: 2025 Y/E | G51: Adjustment Description
A52: A.) Total Patronage Equity | D52: 94056789 | E52: 94145050 | G52: Financial Statements/Forecast Model
A54: B.) Total Assets | D54: 221732060 | E54: 2.1427639e+08 | G54: Financial Statements/Forecast Model
A56: C.) Equity/Assets Ratio | D56: =+D52/D54 -> 0.4241912 | E56: 0.4269 | G56: (A / B)
A58: References/Requirements:
A59: CFC Key Ratio Trend Analaysis (KRTA): | D59: U.S. Median = 44.54%; Consumer Size = 40.58%
A60: VEC Mortgage Indenture: | C60: Equity to Assets Ratio of Not Less Than 25%
A61: CoBank Loan Agreement: | C61: Total Equity to Total Assets of not less than 30%
A62: VEC By-Laws VII, 2j: | C62: Equity Must Exceed 40% of Total Assets to Retire Patronage Capital
